Workbook

Sheet Directions
C2: Accompanying Model to the Technical Guide for the Construction and Analysis
C3: of State Unemployment Insurance Financing Structures
D6: Directions for Use of the State Tax Structure Model Tool
B8: This spreadsheet model was developed to assist state analysts in building or evaluating a state Unemployment Insurance Tax system. There are worksheets for each of the four steps
B9: in tax system construction described in Section A of the accompanying Technical Guide. There is also a worksheet that calculates an Adequate Financing Rate.
B11: Step | C11: Worksheet | E11: Directions
B12: Step 1 | C12: Step 1 Base Rate Calculator | D12: The user inputs the state name (which carries over to Steps 2 and 3), the year for which the base financing rate is to be calculated,
D13: and the number of years to be included in the long-run benefit cost rate (BCR). To convert the BCR from a percent of total wages
D14: to a percent of taxable wages, the user has the option of using the most recent ratio of taxable to total wages or specifying another
D15: value (e.g. if the user wants to test a change in the state's taxable wage base).
D17: The model calculates two benefit cost rates, one as a percent of total wages and the other as a percent of taxable wages.
B19: Step 2 | C19: Step 2-3 Avg Rate and Trig Calc | D19: The user inputs the Base Financing Rate, which may be the long-run benefit cost rate on taxable wages as determined in Step 1 or
D20: another value determined by the user. The user also inputs the trust fund balance target range (using the AHCM as a measure).
D22: The model triggers the Base Financing Rate when the AHCM falls within the target range. This is the starting point for developing a
D23: range of financing rates and triggers.
B25: Step 3 | C25: Step 2-3 Avg Rate and Trig Calc | D25: The user inputs the desired number of tax schedules or financing rates above and below the base and the AHCM triggers for the highest and
D26: lowest financing rates and chooses an option for calculating the range of financing rates. Under Option 1, the user inputs the desired
D27: minimum and maximum financing rates. Under Option 2, the user inputs the desired between-schedules responsiveness rates above and
D28: below the base. Under Option 3, the user inputs the desired gap-closing proportions for financing rates above and below the base.
D30: The model calculates equal-width trigger intervals based on the desired number of financing rates and the desired minimum and
D31: maximum triggers. Based on the selected option, the model calculates a range of financing rates. Under Option 1, the model
D32: calculates solvency add-ons with equal increments between the base schedule and the highest and lowest schedules. Under Option 2,
D33: Under Option 2, the model computes solvency add-ons such that the ratio of the change in revenues to the change in fund balance
D34: between schedules is constant across financing rates. Under Option 3, the model computes solvency add-ons such that the proportion
D35: of the trust fund gap closed by each schedule is the same. (See page 19 in the Guide for a discussion of these options.)
B37: Step 4 | C37: Step 4 Calc Employer Tax Rates | D37: The user inputs the financing rate (average tax rate) and the minimum and maximum tax rates for the base schedule, as well as
D38: desired financing rates for the lowest and highest schedules.
D40: The model first calculates a set of 20 tax rate adjustment factors to be applied to a 20-group array. The factors average to 100%. The resulting rates
D41: are adjusted if necessary so that the maximum rate is at least 5.4% and increments between rates do not exceed 0.9%. The final step is to
D42: proportionally increase or decrease the adjusted rates so they average to the desired average financing rate.
B44: Simulation | C44: Tax System Simulation | D44: The user inputs the beginning AHCM for the simulation and the average BCR on taxable wages to be simulated.
D46: The model simulates the operation of the tax system from Steps 2 and 3 and determines how many years it would take to reach
D47: the target balance under the chosen benefit scenario.
B49: AFR | C49: AFR Calculator | D49: The user inputs the state name, the year for which the AFR is to be calculated, the number of years of benefits to use, and the desired
D50: minimum and maximum AHCMs.
D52: The model computes the AFR, which can be compared to the state's average tax rate for the year.

Sheet Step 1 Base Rate Calculator
D1: DFAS Tax Structure Model Step 1
B2: Base Financing Rate Calculator
D5: This calculator derives the long-run average benefit cost rate in a state which is then used as the
D6: starting Base Financing Rate for building a UI tax structure.
C8: INPUTS: | H8: STATE:
H10: Year Of Base Financing Rate Calculation:
H12: Number of Years of Benefits to Use for Calculation:
L14: Taxable/Total Wage Ratio Option (1=Current Ratio, 2=User-estimated Ratio): | M14: 2
H15: User-estimated Ratio: | J15: 0.391
H17: Base Financing Rate: | J17: ='Base Rate Calculation'!I18 -> 0.0088028314 | K17: =" of Total Wages for "&'Base Rate Calculation'!I7 -> of Total Wages for 2016
J18: ='Base Rate Calculation'!I21 -> 0.0225 | K18: =" of Taxable Wages for "&'Base Rate Calculation'!I7 -> of Taxable Wages for 2016

Sheet Step 2-3 Avg Rate and Trig Calc
C1: DFAS Tax Structure Model Step 2 and Step 3
C4: Derivation of Total Financing Rates (Above and Below the Base Rate) and Their Triggers
C6: This tool allows a user to derive a series of tax table average tax rates (financing rates)
C7: above and below the Base Financing Rate that are based on the solvency level of the State's trust fund.
C8: Also, a corresponding set of solvency triggers that would activate the financing rates are derived.
C10: For State: | D10: ='Base Rate Calculation'!I6 -> CA
C12: INPUTS: | D12: Below | H12: Above
D13: Base | F13: Base | H13: Base
C14: Input Desired Tax Schedule Parameters | D14: Schedule | F14: Schedule | H14: Schedule
C16: Base Financing Rate (% of Taxable Wages): | F16: 0.0225 | I16: Long-run average Benefit Cost Rate to be funded.
C17: Solvency Level Target Range (AHCM, High-Low): | E17: 1.2 | F17: to | G17: 1 | I17: Target range for the trust fund balance.
C18: Desired Number of Tax Schedules: | D18: 1 | F18: =IF(OR(D18<1,D18>4,H18<1,H18>7),"ERROR","") | H18: 7 | I18: The number of schedules below the base schedule can range from 1 to 4. The number of schedules above the base schedule can range from 1 to 7.
C19: Triggers for Lowest/Highest Financing Rates (AHCM): | D19: 1.5 | H19: 0.25 | I19: The user sets the AHCMs to trigger the lowest and highest financing rates. The model calculates the intermediate trigger points. These parameters are only operative when there is more than one schedule below and/or above the base schedule. The lowest trigger cannot be negative.
D20: =IF(D19>2.5,"WARNING: THIS VALUE MAY BE TOO HIGH",IF(D19<=E17,"ERROR: THIS VALUE MUST BE HIGHER THAN THE BASE TRIGGER","")) | H20: =IF(H19<0,"WARNING: THIS VALUE MAY BE TOO LOW",IF(H19>1,"WARNING: THIS VALUE MAY BE TOO HIGH",IF((G17-H19)*10<(H18-1),"WARNING: TRIGGER MAY BE TOO CLOSE TO BASE SCHEDULE TRIGGER FOR THE NUMBER OF SCHEDULES CHOSEN","")))
C21: Methodology Used to Calculate Tax Schedule Parameters
C22: Select Calculation for Deriving Financing Rates (1- 3): | F22: 1 | G22: =IF(OR(F22<1,F22>3),"ERROR: INVALID OPTION","") | H22: =IF(AND(F22=1,H23<=$F$16),"ERROR: MAXIMUM FINANCING RATE MUST BE HIGHER THAN BASE FINANCING RATE","")
C23: (1 = Set Minimum and Maximum Financing Rates) | D23: 0.014 | H23: 0.034 | I23: In this option, the user sets the minimum and maximum financing rates and the model calculates intermediate financing rates with equal increments between rates. (See p. 19 in the Guide.)
C24: (2 = Set Responsiveness Rate Between Schedules) | D24: 0.6 | H24: 0.51 | I24: In this option, the user sets the responsiveness rate (change in revenues as a % of change in balance) and the model calculates the financing rates, including the minimum and maximum rates. (See p. 19 in the Guide.)
C25: (3 = Set Fixed Gap Closing Rate) | D25: 0.4 | H25: 0.51 | I25: In this option, the user sets the gap-closing percentage to be applied to all schedules. The model computes the financing rates. (See p. 19 in the Guide)
D26: =IF(AND(F22=1,D23>=$F$16),"ERROR: MINIMUM FINANCING RATE MUST BE LOWER THAN BASE FINANCING RATE","")
D30: =D58 | H30: Base
H31: Schedule
C32: Lower AHCM in Trigger Range | D32: =IF($D$18=4,$D$19,0) -> 0 | E32: =IF($D$18=3,$D$19,0) -> 0 | F32: =IF($D$18=2,$D$19,0) -> 0 | G32: =E17 -> 1.2 | H32: =G17 -> 1 | I32: =IF($H$18=2,$H$19,"") | J32: =IF($H$18=3,$H$19,"") | K32: =IF($H$18=4,$H$19,"") | L32: =IF($H$18=5,$H$19,"") | M32: =IF($H$18=6,$H$19,"") | N32: =IF($H$18=7,$H$19,"") -> 0.25
D33: =D32 -> 0 | E33: =IF($D32>0,$D32-($D32-$G32)*1/3,IF(E32>0,E32,0)) -> 0 | F33: =IF($D32>0,$D32-($D32-$G32)*2/3,IF(E32>0,E32-(E32-G32)/2,IF(F32>0,F32,0))) -> 0 | G33: =G32 -> 1.2 | H33: =H32 -> 1 | I33: =IF($N32<>"",$H32-($H32-$N32)*1/6,IF($M32<>"",$H32-($H32-$M32)*1/5,IF($L32<>"",$H32-($H32-$L32)*1/4,IF($K32<>"",$H32-($H32-$K32)*1/3,IF($J32<>"",$H32-($H32-$J32)*1/2,IF(I32<>"",I32,"")))))) -> 0.875 | J33: =IF($N32<>"",$H32-($H32-$N32)*2/6,IF($M32<>"",$H32-($H32-$M32)*2/5,IF($L32<>"",$H32-($H32-$L32)*2/4,IF($K32<>"",$H32-($H32-$K32)*2/3,IF(J32<>"",J32,""))))) -> 0.75 | K33: =IF($N32<>"",$H32-($H32-$N32)*3/6,IF($M32<>"",$H32-($H32-$M32)*3/5,IF($L32<>"",$H32-($H32-$L32)*3/4,IF(K32<>"",K32,"")))) -> 0.625 | L33: =IF($N32<>"",$H32-($H32-$N32)*4/6,IF(M32<>"",$H32-($H32-$M32)*4/5,IF(L32<>"",L32,""))) -> 0.5 | M33: =IF($N32<>"",$H32-($H32-$N32)*5/6,IF(M32<>"",M32,"")) -> 0.375 | N33: =IF(N32<>"",N32,"") -> 0.25
C35: min/max solvency add-on | D35: =IF($D$18=4,$D$23-$F$16,0) -> 0 | E35: =IF($D$18=3,$D$23-$F$16,0) -> 0 | F35: =IF($D$18=2,$D$23-$F$16,0) -> 0 | G35: =IF($D$18=1,$D$23-$F$16,0) -> -0.0085 | H35: 0 | I35: =IF($H$18=1,$H$23-$F$16,0) -> 0 | J35: =IF($H$18=2,$H$23-$F$16,0) -> 0 | K35: =IF($H$18=3,$H$23-$F$16,0) -> 0 | L35: =IF($H$18=4,$H$23-$F$16,0) -> 0 | M35: =IF($H$18=5,$H$23-$F$16,0) -> 0 | N35: =IF($H$18=6,$H$23-$F$16,0) -> 0 | O35: =IF($H$18=7,$H$23-$F$16,0) -> 0.0115
C36: Solvency Add-on -- Method 1 | D36: =D35 -> 0 | E36: =IF($D35=0,IF($E35=0,0,E35),D35+($H35-$D35)*1/4) -> 0 | F36: =IF($D35=0,IF($E35=0,IF($F35=0,0,F35),$E35+($H35-$E35)*1/3),$D35+($H35-$D35)*2/4) -> 0 | G36: =IF($D35=0,IF($E35=0,IF($F35=0,G35,$F35+($H35-$F35)*1/2),$E35+($H35-$E35)*2/3),$D35+($H35-$D35)*3/4) -> -0.0085 | H36: =H35 -> 0 | I36: =IF($O35>0,$H35-($H35-$O35)*1/7,IF($N35>0,$H35-($H35-$N35)*1/6,IF($M35>0,$H35-($H35-$M35)*1/5,IF($L35>0,$H35-($H35-$L35)*1/4,IF($K35>0,$H35-($H35-$K35)*1/3,IF($J35>0,$H35-($H35-$J35)*1/2,IF(I35>0,I35,""))))))) -> 0.0016428571 | J36: =IF($O35>0,$H35-($H35-$O35)*2/7,IF($N35>0,$H35-($H35-$N35)*2/6,IF($M35>0,$H35-($H35-$M35)*2/5,IF($L35>0,$H35-($H35-$L35)*2/4,IF($K35>0,$H35-($H35-$K35)*2/3,IF(J35>0,J35,"")))))) -> 0.0032857143 | K36: =IF($O35>0,$H35-($H35-$O35)*3/7,IF($N35>0,$H35-($H35-$N35)*3/6,IF($M35>0,$H35-($H35-$M35)*3/5,IF($L35>0,$H35-($H35-$L35)*3/4,IF(K35>0,K35,""))))) -> 0.0049285714 | L36: =IF($O35>0,$H35-($H35-$O35)*4/7,IF($N35>0,$H35-($H35-$N35)*4/6,IF($M35>0,$H35-($H35-$M35)*4/5,IF(L35>0,L35,"")))) -> 0.0065714286 | M36: =IF($O35>0,$H35-($H35-$O35)*5/7,IF(N35>0,$H35-($H35-$N35)*5/6,IF(M35>0,M35,""))) -> 0.0082142857 | N36: =IF($O35>0,$H35-($H35-$O35)*6/7,IF(N35>0,N35,"")) -> 0.0098571429 | O36: =IF(O35>0,O35,"") -> 0.0115
C38: Balance change between schedules (% of taxable wages) | D38: =IF($D$18=1,"",IF($D$18=2,"",IF($D$18=3,"",IF($D$18=4,D74,"ERROR")))) | E38: =IF($D$18=1,"",IF($D$18=2,"",IF($D$18=3,D74,IF($D$18=4,E74,"ERROR")))) | F38: =IF($D$18=1,"",IF($D$18=2,D74,IF($D$18=3,E74,IF($D$18=4,F74,"ERROR")))) | G38: =IF($D$18=1,D74,IF($D$18=2,E74,IF($D$18=3,F74,IF($D$18=4,G74,"ERROR")))) -> 0.0076726343 | H38: 0 | I38: =IF($D$18=1,F74,IF($D$18=2,G74,IF($D$18=3,H74,IF($D$18=4,I74,"ERROR")))) -> -0.0062659847 | J38: =IF($D$18=1,G74,IF($D$18=2,H74,IF($D$18=3,I74,IF($D$18=4,J74,"ERROR")))) -> -0.0047314578 | K38: =IF($D$18=1,H74,IF($D$18=2,I74,IF($D$18=3,J74,IF($D$18=4,K74,"ERROR")))) -> -0.0047314578 | L38: =IF($D$18=1,I74,IF($D$18=2,J74,IF($D$18=3,K74,IF($D$18=4,L74,"ERROR")))) -> -0.004859335 | M38: =IF($D$18=1,J74,IF($D$18=2,K74,IF($D$18=3,L74,IF($D$18=4,M74,"ERROR")))) -> -0.004859335 | N38: =IF($D$18=1,K74,IF($D$18=2,L74,IF($D$18=3,M74,IF($D$18=4,N74,"ERROR")))) -> -0.0047314578 | O38: =IF($D$18=1,L74,IF($D$18=2,M74,IF($D$18=3,N74,IF($D$18=4,O74,"ERROR")))) -> -0.0046035806
C39: Solvency Add-on -- Method 2 | D39: =-D38*$D$24+E39 -> #VALUE! | E39: =-E38*$D$24+F39 -> #VALUE! | F39: =-F38*$D$24+G39 -> #VALUE! | G39: =-G38*$D$24+H39 -> -0.0046035806 | H39: 0 | I39: =-I38*$H$24+H39 -> 0.0031956522 | J39: =-J38*$H$24+I39 -> 0.0056086957 | K39: =-K38*$H$24+J39 -> 0.0080217391 | L39: =-L38*$H$24+K39 -> 0.0105 | M39: =-M38*$H$24+L39 -> 0.012978261 | N39: =-N38*$H$24+M39 -> 0.015391304 | O39: =-O38*$H$24+N39 -> 0.01773913
C41: Gap Between Current and Target Balance (% of taxable wages) | D41: =IF($D$18=1,"",IF($D$18=2,"",IF($D$18=3,"",IF($D$18=4,D78,"ERROR")))) | E41: =IF($D$18=1,"",IF($D$18=2,"",IF($D$18=3,D78,IF($D$18=4,E78,"ERROR")))) | F41: =IF($D$18=1,"",IF($D$18=2,D78,IF($D$18=3,E78,IF($D$18=4,F78,"ERROR")))) | G41: =IF($D$18=1,D78,IF($D$18=2,E78,IF($D$18=3,F78,IF($D$18=4,G78,"ERROR")))) -> -0.0076726343 | H41: 0 | I41: =IF($D$18=1,F78,IF($D$18=2,G78,IF($D$18=3,H78,IF($D$18=4,I78,"ERROR")))) -> 0.0062659847 | J41: =IF($D$18=1,G78,IF($D$18=2,H78,IF($D$18=3,I78,IF($D$18=4,J78,"ERROR")))) -> 0.010997442 | K41: =IF($D$18=1,H78,IF($D$18=2,I78,IF($D$18=3,J78,IF($D$18=4,K78,"ERROR")))) -> 0.0157289 | L41: =IF($D$18=1,I78,IF($D$18=2,J78,IF($D$18=3,K78,IF($D$18=4,L78,"ERROR")))) -> 0.020588235 | M41: =IF($D$18=1,J78,IF($D$18=2,K78,IF($D$18=3,L78,IF($D$18=4,M78,"ERROR")))) -> 0.02544757 | N41: =IF($D$18=1,K78,IF($D$18=2,L78,IF($D$18=3,M78,IF($D$18=4,N78,"ERROR")))) -> 0.030179028 | O41: =IF($D$18=1,L78,IF($D$18=2,M78,IF($D$18=3,N78,IF($D$18=4,O78,"ERROR")))) -> 0.034782609
C42: Solvency Add-on -- Method 3 | D42: =D41*$D$25 -> #VALUE! | E42: =E41*$D$25 -> #VALUE! | F42: =F41*$D$25 -> #VALUE! | G42: =G41*$D$25 -> -0.0030690537 | H42: 0 | I42: =I41*$H$25 -> 0.0031956522 | J42: =J41*$H$25 -> 0.0056086957 | K42: =K41*$H$25 -> 0.0080217391 | L42: =L41*$H$25 -> 0.0105 | M42: =M41*$H$25 -> 0.012978261 | N42: =N41*$H$25 -> 0.015391304 | O42: =O41*$H$25 -> 0.01773913
Q43: =E17-D19 -> -0.3 | R43: =G17-H19 -> 0.75 | S43: differences between base trigger and max/min trigger
C44: Gap Closing Percentages | D44: =IF($D$18<4,"",IF($D$18=4,D45/D41,"ERROR")) | E44: =IF($D$18<3,"",IF($D$18=3,E45/E41,IF($D$18=4,$G44-($G44-D44)*2/3,"ERROR"))) | F44: =IF($D$18=2,F45/F41,IF($D$18=3,$G44-($G44-E44)*1/2,IF($D$18=4,$G44-($G44-D44)*1/3,"ERROR"))) -> ERROR | G44: =IF($D$18=1,50%,IF($D$18=2,50%+(50%-F44),IF($D$18=3,50%+(50%-E44),IF($D$18=4,50%+(50%-D44),"ERROR")))) -> 0.5 | I44: =IF($H$18<1,"",IF($H$18=1,50%,IF($H$18=2,50%+(50%-J44),IF($H$18=3,50%+(50%-K44),IF($H$18=4,50%+(50%-L44),IF($H$18=5,50%+(50%-M44),IF($H$18=6,50%+(50%-N44),IF($H$18=7,50%+(50%-O44),"""ERROR")))))))) -> 0.66911765 | J44: =IF($H$18<2,"",IF($H$18=2,J45/J41,IF($H$18=3,$I44-($I44-K44)*1/2,IF($H$18=4,$I44-($I44-L44)*1/3,IF($H$18=5,$I44-($I44-M44)*1/4,IF($H$18=6,$I44-($I44-N44)*1/5,IF($H$18=7,$I44-($I44-O44)*1/6,"ERROR"))))))) -> 0.6127451 | K44: =IF($H$18<3,"",IF($H$18=3,K45/K41,IF($H$18=4,$I44-($I44-L44)*2/3,IF($H$18=5,$I44-($I44-M44)*2/4,IF($H$18=6,$I44-($I44-N44)*2/5,IF($H$18=7,$I44-($I44-O44)*2/6,"ERROR")))))) -> 0.55637255 | L44: =IF($H$18<4,"",IF($H$18=4,L45/L41,IF($H$18=5,$I44-($I44-M44)*3/4,IF($H$18=6,$I44-($I44-N44)*3/5,IF($H$18=7,$I44-($I44-O44)*3/6,"ERROR"))))) -> 0.5 | M44: =IF($H$18<5,"",IF($H$18=5,M45/M41,IF($H$18=6,$I44-($I44-N44)*4/5,IF($H$18=7,$I44-($I44-O44)*4/6,"ERROR")))) -> 0.44362745 | N44: =IF($H$18<6,"",IF($H$18=6,N45/N41,IF($H$18=7,$I44-($I44-O44)*5/6,"ERROR"))) -> 0.3872549 | O44: =IF($H$18<7,"",IF($H$18=7,O45/O41,IF($H$18>7,"ERROR,""ERROR"))) -> 0.33088235 | Q44: =(-0.57%+(Q43+1)*0.47%)/'Base Rate Calculation'!I25 -> -0.0061636829 | R44: =(0.57%+(R43-1)*0.48%)/'Base Rate Calculation'!I25 -> 0.011508951 | S44: min/max add-on at 50% avg gap closing
C45: Solvency Add-on -- Method 4 (inoperative) | D45: =IF($D$18=4,$Q$45,D41*D44) -> #VALUE! | E45: =IF($D$18=3,$Q$45,E41*E44) -> #VALUE! | F45: =IF($D$18=2,$Q$45,F41*F44) -> #VALUE! | G45: =G41*G44 -> -0.0038363171 | H45: 0 | I45: =I41*I44 -> 0.0041926809 | J45: =IF($H$18=2,$R$45,J41*J44) -> 0.006738629 | K45: =IF($H$18=3,$R$45,K41*K44) -> 0.0087511283 | L45: =IF($H$18=4,$R$45,L41*L44) -> 0.010294118 | M45: =IF($H$18=5,$R$45,M41*M44) -> 0.011289241 | N45: =IF($H$18=6,$R$45,N41*N44) -> 0.011686977 | O45: =IF($H$18=7,$R$45,"") -> 0.011508951 | Q45: =Q44 -> -0.0061636829 | R45: =R44 -> 0.011508951 | S45: final min/max add-on
C46: add-on increment | D46: =D45-E45 -> #VALUE! | E46: =E45-F45 -> #VALUE! | F46: =F45-G45 -> #VALUE! | G46: =G45-H45 -> -0.0038363171 | I46: =I45-H45 -> 0.0041926809 | J46: =J45-I45 -> 0.002545948 | K46: =K45-J45 -> 0.0020124994 | L46: =L45-K45 -> 0.0015429893 | M46: =M45-L45 -> 0.00099512311 | N46: =N45-M45 -> 0.00039773582 | O46: =O45-N45 -> -0.00017802517
C48: Final solvency add-on | D48: =IF($F$22=1,ROUND(D36,4),IF($F$22=2,ROUND(D39,4),IF($F$22=3,ROUND(D42,4),"ERROR"))) -> 0 | E48: =IF($F$22=1,ROUND(E36,4),IF($F$22=2,ROUND(E39,4),IF($F$22=3,ROUND(E42,4),"ERROR"))) -> 0 | F48: =IF($F$22=1,ROUND(F36,4),IF($F$22=2,ROUND(F39,4),IF($F$22=3,ROUND(F42,4),"ERROR"))) -> 0 | G48: =IF($F$22=1,ROUND(G36,4),IF($F$22=2,ROUND(G39,4),IF($F$22=3,ROUND(G42,4),"ERROR"))) -> -0.0085 | H48: 0 | I48: =IF($F$22=1,ROUND(I36,4),IF($F$22=2,ROUND(I39,4),IF($F$22=3,ROUND(I42,4),"ERROR"))) -> 0.0016 | J48: =IF($F$22=1,ROUND(J36,4),IF($F$22=2,ROUND(J39,4),IF($F$22=3,ROUND(J42,4),"ERROR"))) -> 0.0033 | K48: =IF($F$22=1,ROUND(K36,4),IF($F$22=2,ROUND(K39,4),IF($F$22=3,ROUND(K42,4),"ERROR"))) -> 0.0049 | L48: =IF($F$22=1,ROUND(L36,4),IF($F$22=2,ROUND(L39,4),IF($F$22=3,ROUND(L42,4),"ERROR"))) -> 0.0066 | M48: =IF($F$22=1,ROUND(M36,4),IF($F$22=2,ROUND(M39,4),IF($F$22=3,ROUND(M42,4),"ERROR"))) -> 0.0082 | N48: =IF($F$22=1,ROUND(N36,4),IF($F$22=2,ROUND(N39,4),IF($F$22=3,ROUND(N42,4),"ERROR"))) -> 0.0099 | O48: =IF($F$22=1,ROUND(O36,4),IF($F$22=2,ROUND(O39,4),IF($F$22=3,ROUND(O42,4),"ERROR"))) -> 0.0115
C49: add-on increment | D49: =D48-E48 -> 0 | E49: =E48-F48 -> 0 | F49: =F48-G48 -> 0.0085 | G49: =G48-H48 -> -0.0085 | I49: =I48-H48 -> 0.0016 | J49: =J48-I48 -> 0.0017 | K49: =K48-J48 -> 0.0016 | L49: =L48-K48 -> 0.0017 | M49: =M48-L48 -> 0.0016 | N49: =N48-M48 -> 0.0017 | O49: =O48-N48 -> 0.0016
C52: OUTPUT
D53: State: | G53: ='Base Rate Calculation'!I6 -> CA | H53: Base Financing Rate: | K53: =+F16 -> 0.0225 | L53: (% of taxable wages)
D54: No. of Tax Schedules: | G54: =+D18+H18+1 -> 9 | H54: State Avg. High Cost Rate: | K54: ='Base Rate Calculation'!I28 -> 0.015 | L54: (% of total wages)
F57: Tax Table
D58: =IF($D$18=0,"Base","") | E58: =IF($D$18=1,"Base","") -> Base | F58: =IF($D$18=2,"Base","") | G58: =IF($D$18=3,"Base","") | H58: =IF($D$18=4,"Base","")
D59: =IF($D$18=0,"Schedule","") | E59: =IF($D$18=1,"Schedule","") -> Schedule | F59: =IF($D$18=2,"Schedule","") | G59: =IF($D$18=3,"Schedule","") | H59: =IF($D$18=4,"Schedule","")
C60: Tax Table Parameters | D60: A | E60: =IF(($D$18+$H$18)>0,CHAR(CODE(D60)+1),"") -> B | F60: =IF(($D$18+$H$18)>1,CHAR(CODE(E60)+1),"") -> C | G60: =IF(($D$18+$H$18)>2,CHAR(CODE(F60)+1),"") -> D | H60: =IF(($D$18+$H$18)>3,CHAR(CODE(G60)+1),"") -> E | I60: =IF(($D$18+$H$18)>4,CHAR(CODE(H60)+1),"") -> F | J60: =IF(($D$18+$H$18)>5,CHAR(CODE(I60)+1),"") -> G | K60: =IF(($D$18+$H$18)>6,CHAR(CODE(J60)+1),"") -> H | L60: =IF(($D$18+$H$18)>7,CHAR(CODE(K60)+1),"") -> I | M60: =IF(($D$18+$H$18)>8,CHAR(CODE(L60)+1),"") | N60: =IF(($D$18+$H$18)>9,CHAR(CODE(M60)+1),"") | O60: =IF(($D$18+$H$18)>10,CHAR(CODE(N60)+1),"")
C61: Trigger Ranges: Lower AHCM in Trigger Range | D61: =IF($D33>0,D33,IF($E33>0,E33,IF($F33>0,F33,G33))) -> 1.2 | E61: =IF($D33>0,E33,IF($E33>0,F33,IF($F33>0,G33,H33))) -> 1 | F61: =IF($D33>0,F33,IF($E33>0,G33,IF($F33>0,H33,I33))) -> 0.875 | G61: =IF($D33>0,G33,IF($E33>0,H33,IF($F33>0,I33,J33))) -> 0.75 | H61: =IF($D33>0,H33,IF($E33>0,I33,IF($F33>0,J33,K33))) -> 0.625 | I61: =IF($D33>0,I33,IF($E33>0,J33,IF($F33>0,K33,L33))) -> 0.5 | J61: =IF($D33>0,J33,IF($E33>0,K33,IF($F33>0,L33,M33))) -> 0.375 | K61: =IF($D33>0,K33,IF($E33>0,L33,IF($F33>0,M33,N33))) -> 0.25 | L61: =IF($D33>0,L33,IF($E33>0,M33,IF($F33>0,N33,""))) | M61: =IF($D33>0,M33,IF($E33>0,N33,IF($F33>0,"",""))) | N61: =IF($D33>0,N33,IF($E33>0,"",IF($F33>0,"","")))
C62: Upper AHCM in Trigger Range | E62: =D61 -> 1.2 | F62: =E61 -> 1 | G62: =F61 -> 0.875 | H62: =G61 -> 0.75 | I62: =H61 -> 0.625 | J62: =I61 -> 0.5 | K62: =J61 -> 0.375 | L62: =K61 -> 0.25 | ... O62: =N61
C64: Implied Reserve Ratio (% of taxable wages) -- Lower Trigger | D64: =ROUND(D61*$K$54,4)/'Base Rate Calculation'!$I$25 -> 0.046035806 | E64: =ROUND(E61*$K$54,4)/'Base Rate Calculation'!$I$25 -> 0.038363171 | F64: =IF(F61="","",ROUND(F61*$K$54,4)/'Base Rate Calculation'!$I$25) -> 0.033503836 | G64: =IF(G61="","",ROUND(G61*$K$54,4)/'Base Rate Calculation'!$I$25) -> 0.028900256 | H64: =IF(H61="","",ROUND(H61*$K$54,4)/'Base Rate Calculation'!$I$25) -> 0.024040921 | I64: =IF(I61="","",ROUND(I61*$K$54,4)/'Base Rate Calculation'!$I$25) -> 0.019181586 | J64: =IF(J61="","",ROUND(J61*$K$54,4)/'Base Rate Calculation'!$I$25) -> 0.014322251 | K64: =IF(K61="","",ROUND(K61*$K$54,4)/'Base Rate Calculation'!$I$25) -> 0.0097186701 | L64: =IF(L61="","",ROUND(L61*$K$54,4)/'Base Rate Calculation'!$I$25) | M64: =IF(M61="","",ROUND(M61*$K$54,4)/'Base Rate Calculation'!$I$25) | N64: =IF(N61="","",ROUND(N61*$K$54,4)/'Base Rate Calculation'!$I$25) | O64: =IF(O61="","",ROUND(O61*$K$54,4))
C65: Implied Reserve Ratio (% of taxable wages) -- Upper Trigger | E65: =D64 -> 0.046035806 | F65: =E64 -> 0.038363171 | G65: =F64 -> 0.033503836 | H65: =G64 -> 0.028900256 | I65: =H64 -> 0.024040921 | J65: =I64 -> 0.019181586 | K65: =J64 -> 0.014322251 | L65: =K64 -> 0.0097186701 | ... O65: =N64
C67: Base Financing Rate (% of taxable wages) | D67: =$F$16 -> 0.0225 | E67: =$F$16 -> 0.0225 | F67: =$F$16 -> 0.0225 | G67: =IF(G60="","",$F$16) -> 0.0225 | H67: =IF(H60="","",$F$16) -> 0.0225 | I67: =IF(I60="","",$F$16) -> 0.0225 | J67: =IF(J60="","",$F$16) -> 0.0225 | K67: =IF(K60="","",$F$16) -> 0.0225 | L67: =IF(L60="","",$F$16) -> 0.0225 | M67: =IF(M60="","",$F$16) | N67: =IF(N60="","",$F$16) | O67: =IF(O60="","",$F$16)
C68: Solvency Add-on (% of taxable wages) | D68: =IF($D18=4,D48,IF($D18=3,E48,IF($D18=2,F48,IF($D18=1,G48,"ERROR")))) -> -0.0085 | E68: =IF($D18=4,E48,IF($D18=3,F48,IF($D18=2,G48,IF($D18=1,H48,"ERROR")))) -> 0 | F68: =IF($D18=4,F48,IF($D18=3,G48,IF($D18=2,H48,IF($D18=1,I48,"ERROR")))) -> 0.0016 | G68: =IF(G60="","",IF($D18=4,G48,IF($D18=3,H48,IF($D18=2,I48,IF($D18=1,J48,"ERROR"))))) -> 0.0033 | H68: =IF(H60="","",IF($D18=4,H48,IF($D18=3,I48,IF($D18=2,J48,IF($D18=1,K48,"ERROR"))))) -> 0.0049 | I68: =IF(I60="","",IF($D18=4,I48,IF($D18=3,J48,IF($D18=2,K48,IF($D18=1,L48,"ERROR"))))) -> 0.0066 | J68: =IF(J60="","",IF($D18=4,J48,IF($D18=3,K48,IF($D18=2,L48,IF($D18=1,M48,"ERROR"))))) -> 0.0082 | K68: =IF(K60="","",IF($D18=4,K48,IF($D18=3,L48,IF($D18=2,M48,IF($D18=1,N48,"ERROR"))))) -> 0.0099 | L68: =IF(L60="","",IF($D18=4,L48,IF($D18=3,M48,IF($D18=2,N48,IF($D18=1,O48,"ERROR"))))) -> 0.0115 | M68: =IF(M60="","",IF($D18=4,M48,IF($D18=3,N48,IF($D18=2,O48,IF($D18=1,P48,"ERROR"))))) | N68: =IF(N60="","",IF($D18=4,N48,IF($D18=3,O48,IF($D18=2,P48,IF($D18=1,Q48,"ERROR"))))) | O68: =IF(O60="","",IF($D18=4,O48,IF($D18=3,P48,IF($D18=2,Q48,IF($D18=1,R48,"ERROR")))))
C69: Total Financing Rate (% of taxable wages) | D69: =D67+D68 -> 0.014 | E69: =E67+E68 -> 0.0225 | F69: =F67+F68 -> 0.0241 | G69: =IF(G60="","",G67+G68) -> 0.0258 | H69: =IF(H60="","",H67+H68) -> 0.0274 | I69: =IF(I60="","",I67+I68) -> 0.0291 | J69: =IF(J60="","",J67+J68) -> 0.0307 | K69: =IF(K60="","",K67+K68) -> 0.0324 | L69: =IF(L60="","",L67+L68) -> 0.034 | M69: =IF(M60="","",M67+M68) | N69: =IF(N60="","",N67+N68) | O69: =IF(O60="","",O67+O68)
C70: Financing Rate (% of total wages) | D70: =D69*'Base Rate Calculation'!$I$25 -> 0.005474 | E70: =E69*'Base Rate Calculation'!$I$25 -> 0.0087975 | F70: =F69*'Base Rate Calculation'!$I$25 -> 0.0094231 | G70: =IF(G60="","",G69*'Base Rate Calculation'!$I$25) -> 0.0100878 | H70: =IF(H60="","",H69*'Base Rate Calculation'!$I$25) -> 0.0107134 | I70: =IF(I60="","",I69*'Base Rate Calculation'!$I$25) -> 0.0113781 | J70: =IF(J60="","",J69*'Base Rate Calculation'!$I$25) -> 0.0120037 | K70: =IF(K60="","",K69*'Base Rate Calculation'!$I$25) -> 0.0126684 | L70: =IF(L60="","",L69*'Base Rate Calculation'!$I$25) -> 0.013294 | M70: =IF(M60="","",M69*'Base Rate Calculation'!$I$25) | N70: =IF(N60="","",N69*'Base Rate Calculation'!$I$25) | O70: =IF(O60="","",O69*'Base Rate Calculation'!$I$25)
C72: Tax Table Diagnostics
C73: Midpoint of trigger range (% of taxable wages) | D73: =AVERAGE(D64,E65+(E65-F65)) -> 0.049872123 | E73: =AVERAGE(E64:E65) -> 0.042199488 | F73: =IF(F60="","",IF(G60="",AVERAGE(E64+(E64-D64),F65),AVERAGE(F64,F65))) -> 0.035933504 | G73: =IF(G60="","",IF(H60="",AVERAGE(F64+(F64-E64),G65),AVERAGE(G64,G65))) -> 0.031202046 | H73: =IF(H60="","",IF(I60="",AVERAGE(G64+(G64-F64),H65),AVERAGE(H64,H65))) -> 0.026470588 | I73: =IF(I60="","",IF(J60="",AVERAGE(H64+(H64-G64),I65),AVERAGE(I64,I65))) -> 0.021611253 | J73: =IF(J60="","",IF(K60="",AVERAGE(I64+(I64-H64),J65),AVERAGE(J64,J65))) -> 0.016751918 | K73: =IF(K60="","",IF(L60="",AVERAGE(J64+(J64-I64),K65),AVERAGE(K64,K65))) -> 0.01202046 | L73: =IF(L60="","",IF(M60="",AVERAGE(K64+(K64-J64),L65),AVERAGE(L64,L65))) -> 0.0074168798 | M73: =IF(M60="","",IF(N60="",AVERAGE(L64+(L64-K64),M65),AVERAGE(M64,M65))) | ... O73: =IF(O60="","",IF(P60="",AVERAGE(N64+(N64-M64),O65),AVERAGE(O64,O65)))
C74: Balance change between schedules (% of taxable wages) | D74: =D73-E73 -> 0.0076726343 | E74: =IF($D$18>1,E73-F73,"") | F74: =IF($D$18>2,F73-G73,IF($D$18=2,"",F73-E73)) -> -0.0062659847 | G74: =IF(G60="","",IF($D$18>3,G73-H73,IF($D$18=3,"",G73-F73))) -> -0.0047314578 | H74: =IF(H60="","",IF($D$18=4,"",H73-G73)) -> -0.0047314578 | I74: =IF(I60="","",I73-H73) -> -0.004859335 | J74: =IF(J60="","",J73-I73) -> -0.004859335 | K74: =IF(K60="","",K73-J73) -> -0.0047314578 | L74: =IF(L60="","",L73-K73) -> -0.0046035806 | M74: =IF(M60="","",M73-L73) | N74: =IF(N60="","",N73-M73) | O74: =IF(O60="","",O73-N73)
C75: Financing Rate change between schedules (% of taxable wages) | D75: =D69-E69 -> -0.0085 | E75: =IF($D$18>1,E69-F69,"") | F75: =IF($D$18>2,F69-G69,IF($D$18=2,"",F69-E69)) -> 0.0016 | G75: =IF(G$60="","",IF($D$18>3,G69-H69,IF($D$18=3,"",G69-F69))) -> 0.0017 | H75: =IF(H$60="","",IF($D$18=4,"",H69-G69)) -> 0.0016 | I75: =IF(I$60="","",I69-H69) -> 0.0017 | J75: =IF(J$60="","",J69-I69) -> 0.0016 | K75: =IF(K$60="","",K69-J69) -> 0.0017 | L75: =IF(L$60="","",L69-K69) -> 0.0016 | M75: =IF(M$60="","",M69-L69) | N75: =IF(N$60="","",N69-M69) | O75: =IF(O$60="","",O69-N69)
C76: Revenue change/balance change | D76: =IF(D75="","",-D75/D74) -> 1.1078333 | E76: =IF(E75="","",-E75/E74) | F76: =IF(F75="","",-F75/F74) -> 0.25534694 | G76: =IF(G75="","",-G75/G74) -> 0.3592973 | H76: =IF(H75="","",-H75/H74) -> 0.33816216 | I76: =IF(I75="","",-I75/I74) -> 0.34984211 | J76: =IF(J75="","",-J75/J74) -> 0.32926316 | K76: =IF(K75="","",-K75/K74) -> 0.3592973 | ... O76: =IF(O75="","",-O75/O74)
C78: Gap Between Current and Target Balance (% of taxable wages) | D78: =IF($D$18=4,$H73-D73,IF($D$18=3,$G73-D73,IF($D$18=2,$F73-D73,IF($D$18=1,$E73-D73,"ERROR")))) -> -0.0076726343 | E78: =IF($D$18=4,$H73-E73,IF($D$18=3,$G73-E73,IF($D$18=2,$F73-E73,IF($D$18=1,"","ERROR")))) | F78: =IF($D$18=4,$H73-F73,IF($D$18=3,$G73-F73,IF($D$18=2,"",IF($D$18=1,$E73-F73,"ERROR")))) -> 0.0062659847 | G78: =IF(G$60="","",IF($D$18=4,$H73-G73,IF($D$18=3,"",IF($D$18=2,$F73-G73,IF($D$18=1,$E73-G73,"ERROR"))))) -> 0.010997442 | H78: =IF(H$60="","",IF($D$18=4,"",IF($D$18=3,$G73-H73,IF($D$18=2,$F73-H73,IF($D$18=1,$E73-H73,"ERROR"))))) -> 0.0157289 | I78: =IF(I$60="","",IF($D$18=4,$H73-I73,IF($D$18=3,$G73-I73,IF($D$18=2,$F73-I73,IF($D$18=1,$E73-I73,"ERROR"))))) -> 0.020588235 | J78: =IF(J$60="","",IF($D$18=4,$H73-J73,IF($D$18=3,$G73-J73,IF($D$18=2,$F73-J73,IF($D$18=1,$E73-J73,"ERROR"))))) -> 0.02544757 | K78: =IF(K$60="","",IF($D$18=4,$H73-K73,IF($D$18=3,$G73-K73,IF($D$18=2,$F73-K73,IF($D$18=1,$E73-K73,"ERROR"))))) -> 0.030179028 | L78: =IF(L$60="","",IF($D$18=4,$H73-L73,IF($D$18=3,$G73-L73,IF($D$18=2,$F73-L73,IF($D$18=1,$E73-L73,"ERROR"))))) -> 0.034782609 | M78: =IF(M$60="","",IF($D$18=4,$H73-M73,IF($D$18=3,$G73-M73,IF($D$18=2,$F73-M73,IF($D$18=1,$E73-M73,"ERROR"))))) | N78: =IF(N$60="","",IF($D$18=4,$H73-N73,IF($D$18=3,$G73-N73,IF($D$18=2,$F73-N73,IF($D$18=1,$E73-N73,"ERROR"))))) | O78: =IF(O$60="","",IF($D$18=4,$H73-O73,IF($D$18=3,$G73-O73,IF($D$18=2,$F73-O73,IF($D$18=1,$E73-O73,"ERROR")))))
C79: Gap Closing Percentage | D79: =IF(D78="","",D68/D78) -> 1.1078333 | E79: =IF(E78="","",E68/E78) | F79: =IF(F78="","",F68/F78) -> 0.25534694 | G79: =IF(G78="","",G68/G78) -> 0.30006977 | H79: =IF(H78="","",H68/H78) -> 0.31152846 | I79: =IF(I78="","",I68/I78) -> 0.32057143 | J79: =IF(J78="","",J68/J78) -> 0.32223116 | K79: =IF(K78="","",K68/K78) -> 0.32804237 | ... O79: =IF(O78="","",O68/O78)
C81: Maximum Financing Rate as % of Base financing Rate | D81: =IF(AND(F61="",E61<>""),F69/$F$16,IF(AND(G61="",F61<>""),G69/F16,IF(AND(H61="",G61<>""),H69/$F$16,IF(AND(I61="",H61<>""),I69/$F$16,IF(AND(J61="",I61<>""),J69/$F$16,IF(AND(K61="",J61<>""),K69/$F$16,IF(AND(L61="",K61<>""),L69/$F$16,IF(AND(M61="",L61<>""),M69/$F$16,IF(AND(N61="",M61<>""),N69/$F$16,IF(AND(O61="",N61<>""),O69/$F$16,"ERROR")))))))))) -> 1.5111111 | E81: =IF(D81>160%,"WARNING: This value may be too high. Choose a lower maximum financing rate, a lower responsiveness rate, a lower gap-closing rate, a higher trigger value for the maximum financing rate, or a higher number of schedules.",IF(D81<120%,"WARNING: This value may be too low. Choose a higher maximum financing rate, a higher responsiveness rate, a higher gap-closing rate, a lower trigger value for the maximum financing rate, or a lower number of schedules.",""))
C82: Maximum Financing Rate (total wages) as % of AHCR | D82: =IF(AND(F61="",E61<>""),F69*'Base Rate Calculation'!$I$25/$K$54,IF(AND(G61="",F61<>""),G69*'Base Rate Calculation'!$I$25/$K$54,IF(AND(H61="",G61<>""),H69*'Base Rate Calculation'!$I$25/$K$54,IF(AND(I61="",H61<>""),I69*'Base Rate Calculation'!$I$25/$K$54,IF(AND(J61="",I61<>""),J69*'Base Rate Calculation'!$I$25/$K$54,IF(AND(K61="",J61<>""),K69*'Base Rate Calculation'!$I$25/$K$54,IF(AND(L61="",K61<>""),L69*'Base Rate Calculation'!$I$25/$K$54,IF(AND(M61="",L61<>""),M69*'Base Rate Calculation'!$I$25/$K$54,IF(AND(N61="",M61<>""),N69*'Base Rate Calculation'!$I$25/$K$54,IF(AND(O61="",N61<>""),O69*'Base Rate Calculation'!$I$25/$K$54,"ERROR")))))))))) -> 0.88626667 | E82: =IF(D82>100%,"WARNING: This value may be too high. Choose a lower maximum financing rate, a lower responsiveness rate, a lower gap-closing rate, a higher trigger value for the maximum financing rate, or a higher number of schedules.",IF(D82<70%,"WARNING: This value may be too low. Choose a higher maximum financing rate, a higher responsiveness rate, a higher gap-closing rate, a lower trigger value for the maximum financing rate, or a lower number of schedules.",""))
C83: Minimum Financing Rate as % of Base Financing Rate | D83: =D69/D67 -> 0.62222222 | E83: =IF(D83<40%,"WARNING: This value may be too low. Choose a higher minimum financing rate, a lower responsiveness rate, a lower gap-closing rate, a lower trigger value for the minimum financing rate, or a higher number of schedules.",IF(D83>80%,"WARNING: This value may be too high. Choose a lower minimum financing rate, a higher responsiveness rate, a higher gap-closing rate, a higher trigger value for the minimum financing rate, or a lower number of schedules.",""))

Sheet Step 4 Calc Employer Tax Rates
C1: DFAS Tax Structure Model Step 4
C4: Calculation of Employer Tax Rates
C5: This tool allows a user to derive a set of individual tax rates for groups of employers based on
C6: inputting a minimum tax rate, a maximum tax rate and the desired average level of financing for the set of rates.
C7: This derivation is based on deriving a set of adjustment factors that are multiplied by the financing rate (average tax rate)
C8: to compute the individual group rates.
C10: Inputs | E10: Lowest | F10: Highest | P10: % of | Q10: 100% range | W10: Tax Rate | Y10: Employer Tax Rates | AK10: Employer Tax Rates
D11: Base | E11: Schedule | F11: Schedule | O11: Tax Rate | P11: Taxable | Q11: lower | R11: upper | S11: 1 | T11: prelim | W11: Adjustment | Y11: Lowest | Z11: Base | AA11: Highest | AK11: Lowest | AL11: Base | AM11: Highest
D12: Schedule | E12: (Lowest Tax Rates) | F12: (Highest Tax Rates) | O12: Interval | P12: Wages | Q12: limit | R12: limit | S12: group | T12: factor | U12: adj | V12: rounded | W12: Factor | X12: increm. | Y12: Schedule | Z12: Schedule | AA12: Schedule | AK12: Schedule | AL12: Schedule | AM12: Schedule | AS12: check increments
C13: Minimum Tax Rate (% of Taxable Wages) | D13: 0.005 | O13: 1 | P13: 0.05 | T13: =Z13/D15 -> 0.22123894 | U13: =T13 -> 0.22123894 | V13: =ROUND(U13,2) -> 0.22 | W13: =V13 -> 0.22 | Y13: =MAX(ROUND($W13*Y$34,4),Y14-$Y$38) -> 0.0042 | Z13: =D13 -> 0.005 | AA13: =MAX(ROUND($W13*AA$34,4),AA14-$Y$38) -> 0.0072 | AC13: =$P13*Y13 -> 0.00021 | AD13: =$P13*Z13 -> 0.00025 | AE13: =$P13*AA13 -> 0.00036 | AG13: =IF(Y14-Y13<$Y$38,1,0) -> 1 | AH13: =IF(Z14-Z13<$Y$38,1,0) -> 1 | AI13: =IF(AA14-AA13<$Y$38,1,0) -> 1 | AK13: =IF(AND(Y$35>Y$34,AG13=1),MAX(ROUND(Y13*(AG$37/AG$35),4),MIN($AK$38,$D$13)),Y13) -> 0.004 | AL13: =D13 -> 0.005 | AM13: =IF(AND(AA$35>AA$34,AI13=1),MAX(ROUND(AA13*(AI$37/AI$35),4),$D$13),AA13) -> 0.0072 | AO13: =$P13*AK13 -> 0.0002 | AP13: =$P13*AL13 -> 0.00025 | AQ13: =$P13*AM13 -> 0.00036
C14: Maximum Tax Rate (% of Taxable Wages) | D14: 0.054 | O14: 2 | P14: 0.05 | Q14: 1.635 | R14: 1.7 | S14: =IF($K$29<Q14,0,IF($K$29<=R14,100%,0)) -> 0 | T14: =IF(S14=100%,S14,IF(T13<100%,T13+M$34,T13+M$35)) -> 0.2920354 | U14: =IF(T14=100%,T14,T14+K$32) -> 0.23672566 | V14: =IF(U14=100%,U14,MAX(ROUND(U14,2),V13+1%)) -> 0.24 | W14: =IF(V14=100%,V14,IF(V$35>2018%,V14-1%,IF(V$35<1982%,V14+1%,V14))) -> 0.24 | X14: =W14-W13 -> 0.02 | Y14: =MAX(ROUND($W14*Y$34,4),Y15-$Y$38) -> 0.0046 | Z14: =MAX(ROUND($W14*Z$34,4),Z15-$Y$38) -> 0.0054 | AA14: =MAX(ROUND($W14*AA$34,4),AA15-$Y$38) -> 0.0078 | AC14: =$P14*Y14 -> 0.00023 | AD14: =$P14*Z14 -> 0.00027 | AE14: =$P14*AA14 -> 0.00039 | AG14: =IF(Y15-Y14<$Y$38,1,0) -> 1 | AH14: =IF(Z15-Z14<$Y$38,1,0) -> 1 | AI14: =IF(AA15-AA14<$Y$38,1,0) -> 1 | AK14: =IF(AND(Y$35>Y$34,AG14=1),MAX(ROUND(Y14*(AG$37/AG$35),4),MIN($AK$38,$D$13)),Y14) -> 0.0044 | AL14: =IF(AND(Z$35>Z$34,AH14=1),MAX(ROUND(Z14*(AH$37/AH$35),4),$D$13),Z14) -> 0.0054 | AM14: =IF(AND(AA$35>AA$34,AI14=1),MAX(ROUND(AA14*(AI$37/AI$35),4),$D$13),AA14) -> 0.0078 | AO14: =$P14*AK14 -> 0.00022 | AP14: =$P14*AL14 -> 0.00027 | AQ14: =$P14*AM14 -> 0.00039 | AS14: =AK14-AK13 -> 0.0004 | AT14: =AL14-AL13 -> 0.0004 | AU14: =AM14-AM13 -> 0.0006
C15: Financing Rate (% of Taxable Wages) | D15: 0.0226 | E15: 0.0191 | F15: 0.0326 | O15: 3 | P15: 0.05 | Q15: 1.555 | R15: 1.675 | S15: =IF($K$29<Q15,0,IF($K$29<=R15,100%,0)) -> 0 | T15: =IF(S15=100%,S15,IF(T14<100%,T14+M$34,T14+M$35)) -> 0.36283186 | U15: =IF(T15=100%,T15,T15+K$32) -> 0.30752212 | V15: =IF(U15=100%,U15,MAX(ROUND(U15,2),V14+1%)) -> 0.31 | W15: =IF(V15=100%,V15,IF(V$35>2017%,V15-1%,IF(V$35<1983%,V15+1%,V15))) -> 0.31 | X15: =W15-W14 -> 0.07 | Y15: =MAX(ROUND($W15*Y$34,4),Y16-$Y$38) -> 0.0059 | Z15: =MAX(ROUND($W15*Z$34,4),Z16-$Y$38) -> 0.007 | AA15: =MAX(ROUND($W15*AA$34,4),AA16-$Y$38) -> 0.0101 | AC15: =$P15*Y15 -> 0.000295 | AD15: =$P15*Z15 -> 0.00035 | AE15: =$P15*AA15 -> 0.000505 | AG15: =IF(AND(Y16-Y15<$Y$38,AG14=1),1,0) -> 1 | AH15: =IF(AND(Z16-Z15<$Y$38,AH14=1),1,0) -> 1 | AI15: =IF(AND(AA16-AA15<$Y$38,AI14=1),1,0) -> 1 | AK15: =IF(AND(Y$35>Y$34,AG15=1),MAX(ROUND(Y15*(AG$37/AG$35),4),MIN($AK$38,$D$13)),Y15) -> 0.0057 | AL15: =IF(AND(Z$35>Z$34,AH15=1),MAX(ROUND(Z15*(AH$37/AH$35),4),$D$13),Z15) -> 0.007 | AM15: =IF(AND(AA$35>AA$34,AI15=1),MAX(ROUND(AA15*(AI$37/AI$35),4),$D$13),AA15) -> 0.0101 | AO15: =$P15*AK15 -> 0.000285 | AP15: =$P15*AL15 -> 0.00035 | AQ15: =$P15*AM15 -> 0.000505 | AS15: =AK15-AK14 -> 0.0013 | AT15: =AL15-AL14 -> 0.0016 | AU15: =AM15-AM14 -> 0.0023
C16: =IF(D14<5.4%,"ERROR: Maximum tax rate must equal or exceed 5.4%.","") | O16: 4 | P16: 0.05 | Q16: 1.475 | R16: 1.595 | S16: =IF($K$29<Q16,0,IF($K$29<=R16,100%,0)) -> 0 | T16: =IF(S16=100%,S16,IF(T15<100%,T15+M$34,T15+M$35)) -> 0.43362832 | U16: =IF(T16=100%,T16,T16+K$32) -> 0.37831858 | V16: =IF(U16=100%,U16,MAX(ROUND(U16,2),V15+1%)) -> 0.38 | W16: =IF(V16=100%,V16,IF(V$35>2016%,V16-1%,IF(V$35<1984%,V16+1%,V16))) -> 0.38 | X16: =W16-W15 -> 0.07 | Y16: =MAX(ROUND($W16*Y$34,4),Y17-$Y$38) -> 0.0073 | Z16: =MAX(ROUND($W16*Z$34,4),Z17-$Y$38) -> 0.0086 | AA16: =MAX(ROUND($W16*AA$34,4),AA17-$Y$38) -> 0.0124 | AC16: =$P16*Y16 -> 0.000365 | AD16: =$P16*Z16 -> 0.00043 | AE16: =$P16*AA16 -> 0.00062 | AG16: =IF(AND(Y17-Y16<$Y$38,AG15=1),1,0) -> 1 | AH16: =IF(AND(Z17-Z16<$Y$38,AH15=1),1,0) -> 1 | AI16: =IF(AND(AA17-AA16<$Y$38,AI15=1),1,0) -> 1 | AK16: =IF(AND(Y$35>Y$34,AG16=1),MAX(ROUND(Y16*(AG$37/AG$35),4),MIN($AK$38,$D$13)),Y16) -> 0.007 | AL16: =IF(AND(Z$35>Z$34,AH16=1),MAX(ROUND(Z16*(AH$37/AH$35),4),$D$13),Z16) -> 0.0086 | AM16: =IF(AND(AA$35>AA$34,AI16=1),MAX(ROUND(AA16*(AI$37/AI$35),4),$D$13),AA16) -> 0.0124 | AO16: =$P16*AK16 -> 0.00035 | AP16: =$P16*AL16 -> 0.00043 | AQ16: =$P16*AM16 -> 0.00062 | AS16: =AK16-AK15 -> 0.0013 | AT16: =AL16-AL15 -> 0.0016 | AU16: =AM16-AM15 -> 0.0023
C17: =IF(OR(Z32<Z31,AND(MIN(X14:X32)<0,D15/AVERAGE(D13:D15)>1),D15/AVERAGE(D13:D15)>R14),"ERROR: Maximum and/or minimum tax rates are too low for specified average tax rate.","") | O17: 5 | P17: 0.05 | Q17: 1.395 | R17: 1.505 | S17: =IF($K$29<Q17,0,IF($K$29<=R17,100%,0)) -> 0 | T17: =IF(S17=100%,S17,IF(T16<100%,T16+M$34,T16+M$35)) -> 0.50442478 | U17: =IF(T17=100%,T17,T17+K$32) -> 0.44911504 | V17: =IF(U17=100%,U17,MAX(ROUND(U17,2),V16+1%)) -> 0.45 | W17: =IF(V17=100%,V17,IF(V$35>2015%,V17-1%,IF(V$35<1985%,V17+1%,V17))) -> 0.45 | X17: =W17-W16 -> 0.07 | Y17: =MAX(ROUND($W17*Y$34,4),Y18-$Y$38) -> 0.0086 | Z17: =MAX(ROUND($W17*Z$34,4),Z18-$Y$38) -> 0.0102 | AA17: =MAX(ROUND($W17*AA$34,4),AA18-$Y$38) -> 0.0147 | AC17: =$P17*Y17 -> 0.00043 | AD17: =$P17*Z17 -> 0.00051 | AE17: =$P17*AA17 -> 0.000735 | AG17: =IF(AND(Y18-Y17<$Y$38,AG16=1),1,0) -> 1 | AH17: =IF(AND(Z18-Z17<$Y$38,AH16=1),1,0) -> 1 | AI17: =IF(AND(AA18-AA17<$Y$38,AI16=1),1,0) -> 1 | AK17: =IF(AND(Y$35>Y$34,AG17=1),MAX(ROUND(Y17*(AG$37/AG$35),4),MIN($AK$38,$D$13)),Y17) -> 0.0082 | AL17: =IF(AND(Z$35>Z$34,AH17=1),MAX(ROUND(Z17*(AH$37/AH$35),4),$D$13),Z17) -> 0.0102 | AM17: =IF(AND(AA$35>AA$34,AI17=1),MAX(ROUND(AA17*(AI$37/AI$35),4),$D$13),AA17) -> 0.0147 | AO17: =$P17*AK17 -> 0.00041 | AP17: =$P17*AL17 -> 0.00051 | AQ17: =$P17*AM17 -> 0.000735 | AS17: =AK17-AK16 -> 0.0012 | AT17: =AL17-AL16 -> 0.0016 | AU17: =AM17-AM16 -> 0.0023
C18: =IF(OR(Z14<Z13,AND(MIN(X14:X32)<0,D15/AVERAGE(D13:D15)<1),D15/AVERAGE(D13:D15)<Q30),"ERROR: Maximum and/or minimum tax rates are too high for specified average tax rate.","") | O18: 6 | P18: 0.05 | Q18: 1.305 | R18: 1.425 | S18: =IF($K$29<Q18,0,IF($K$29<=R18,100%,0)) -> 0 | T18: =IF(S18=100%,S18,IF(T17<100%,T17+M$34,T17+M$35)) -> 0.57522124 | U18: =IF(T18=100%,T18,T18+K$32) -> 0.5199115 | V18: =IF(U18=100%,U18,MAX(ROUND(U18,2),V17+1%)) -> 0.52 | W18: =IF(V18=100%,V18,IF(V$35>2014%,V18-1%,IF(V$35<1986%,V18+1%,V18))) -> 0.52 | X18: =W18-W17 -> 0.07 | Y18: =MAX(ROUND($W18*Y$34,4),Y19-$Y$38) -> 0.0099 | Z18: =MAX(ROUND($W18*Z$34,4),Z19-$Y$38) -> 0.0118 | AA18: =MAX(ROUND($W18*AA$34,4),AA19-$Y$38) -> 0.017 | AC18: =$P18*Y18 -> 0.000495 | AD18: =$P18*Z18 -> 0.00059 | AE18: =$P18*AA18 -> 0.00085 | AG18: =IF(AND(Y19-Y18<$Y$38,AG17=1),1,0) -> 1 | AH18: =IF(AND(Z19-Z18<$Y$38,AH17=1),1,0) -> 1 | AI18: =IF(AND(AA19-AA18<$Y$38,AI17=1),1,0) -> 1 | AK18: =IF(AND(Y$35>Y$34,AG18=1),MAX(ROUND(Y18*(AG$37/AG$35),4),MIN($AK$38,$D$13)),Y18) -> 0.0095 | AL18: =IF(AND(Z$35>Z$34,AH18=1),MAX(ROUND(Z18*(AH$37/AH$35),4),$D$13),Z18) -> 0.0118 | AM18: =IF(AND(AA$35>AA$34,AI18=1),MAX(ROUND(AA18*(AI$37/AI$35),4),$D$13),AA18) -> 0.017 | AO18: =$P18*AK18 -> 0.000475 | AP18: =$P18*AL18 -> 0.00059 | AQ18: =$P18*AM18 -> 0.00085 | AS18: =AK18-AK17 -> 0.0013 | AT18: =AL18-AL17 -> 0.0016 | AU18: =AM18-AM17 -> 0.0023
C19: =IF(OR(AS14>0.9%,AT14>0.9%,AU14>0.9%),"ERROR: MINIMUM RATE IS TOO LOW FOR AVERAGE RATE AND MAXIMUM RATE","") | O19: 7 | P19: 0.05 | Q19: 1.225 | R19: 1.345 | S19: =IF($K$29<Q19,0,IF($K$29<=R19,100%,0)) -> 0 | T19: =IF(S19=100%,S19,IF(T18<100%,T18+M$34,T18+M$35)) -> 0.6460177 | U19: =IF(T19=100%,T19,T19+K$32) -> 0.59070796 | V19: =IF(U19=100%,U19,MAX(ROUND(U19,2),V18+1%)) -> 0.59 | W19: =IF(V19=100%,V19,IF(V$35>2013%,V19-1%,IF(V$35<1987%,V19+1%,V19))) -> 0.59 | X19: =W19-W18 -> 0.07 | Y19: =MAX(ROUND($W19*Y$34,4),Y20-$Y$38) -> 0.0113 | Z19: =MAX(ROUND($W19*Z$34,4),Z20-$Y$38) -> 0.0133 | AA19: =MAX(ROUND($W19*AA$34,4),AA20-$Y$38) -> 0.0192 | AC19: =$P19*Y19 -> 0.000565 | AD19: =$P19*Z19 -> 0.000665 | AE19: =$P19*AA19 -> 0.00096 | AG19: =IF(AND(Y20-Y19<$Y$38,AG18=1),1,0) -> 1 | AH19: =IF(AND(Z20-Z19<$Y$38,AH18=1),1,0) -> 1 | AI19: =IF(AND(AA20-AA19<$Y$38,AI18=1),1,0) -> 1 | AK19: =IF(AND(Y$35>Y$34,AG19=1),MAX(ROUND(Y19*(AG$37/AG$35),4),MIN($AK$38,$D$13)),Y19) -> 0.0108 | AL19: =IF(AND(Z$35>Z$34,AH19=1),MAX(ROUND(Z19*(AH$37/AH$35),4),$D$13),Z19) -> 0.0133 | AM19: =IF(AND(AA$35>AA$34,AI19=1),MAX(ROUND(AA19*(AI$37/AI$35),4),$D$13),AA19) -> 0.0192 | AO19: =$P19*AK19 -> 0.00054 | AP19: =$P19*AL19 -> 0.000665 | AQ19: =$P19*AM19 -> 0.00096 | AS19: =AK19-AK18 -> 0.0013 | AT19: =AL19-AL18 -> 0.0015 | AU19: =AM19-AM18 -> 0.0022
O20: 8 | P20: 0.05 | Q20: 1.145 | R20: 1.265 | S20: =IF($K$29<Q20,0,IF($K$29<=R20,100%,0)) -> 0 | T20: =IF(S20=100%,S20,IF(T19<100%,T19+M$34,T19+M$35)) -> 0.71681416 | U20: =IF(T20=100%,T20,T20+K$32) -> 0.66150442 | V20: =IF(U20=100%,U20,MAX(ROUND(U20,2),V19+1%)) -> 0.66 | W20: =IF(V20=100%,V20,IF(V$35>2012%,V20-1%,IF(V$35<1988%,V20+1%,V20))) -> 0.66 | X20: =W20-W19 -> 0.07 | Y20: =MAX(ROUND($W20*Y$34,4),Y21-$Y$38) -> 0.0126 | Z20: =MAX(ROUND($W20*Z$34,4),Z21-$Y$38) -> 0.0149 | AA20: =MAX(ROUND($W20*AA$34,4),AA21-$Y$38) -> 0.0215 | AC20: =$P20*Y20 -> 0.00063 | AD20: =$P20*Z20 -> 0.000745 | AE20: =$P20*AA20 -> 0.001075 | AG20: =IF(AND(Y21-Y20<$Y$38,AG19=1),1,0) -> 1 | AH20: =IF(AND(Z21-Z20<$Y$38,AH19=1),1,0) -> 1 | AI20: =IF(AND(AA21-AA20<$Y$38,AI19=1),1,0) -> 1 | AK20: =IF(AND(Y$35>Y$34,AG20=1),MAX(ROUND(Y20*(AG$37/AG$35),4),MIN($AK$38,$D$13)),Y20) -> 0.0121 | AL20: =IF(AND(Z$35>Z$34,AH20=1),MAX(ROUND(Z20*(AH$37/AH$35),4),$D$13),Z20) -> 0.0149 | AM20: =IF(AND(AA$35>AA$34,AI20=1),MAX(ROUND(AA20*(AI$37/AI$35),4),$D$13),AA20) -> 0.0215 | AO20: =$P20*AK20 -> 0.000605 | AP20: =$P20*AL20 -> 0.000745 | AQ20: =$P20*AM20 -> 0.001075 | AS20: =AK20-AK19 -> 0.0013 | AT20: =AL20-AL19 -> 0.0016 | AU20: =AM20-AM19 -> 0.0023
O21: 9 | P21: 0.05 | Q21: 1.065 | R21: 1.185 | S21: =IF($K$29<Q21,0,IF($K$29<=R21,100%,0)) -> 0 | T21: =IF(S21=100%,S21,IF(T20<100%,T20+M$34,T20+M$35)) -> 0.78761062 | U21: =IF(T21=100%,T21,T21+K$32) -> 0.73230088 | V21: =IF(U21=100%,U21,MAX(ROUND(U21,2),V20+1%)) -> 0.73 | W21: =IF(V21=100%,V21,IF(V$35>2011%,V21-1%,IF(V$35<1989%,V21+1%,V21))) -> 0.73 | X21: =W21-W20 -> 0.07 | Y21: =MAX(ROUND($W21*Y$34,4),Y22-$Y$38) -> 0.0139 | Z21: =MAX(ROUND($W21*Z$34,4),Z22-$Y$38) -> 0.0165 | AA21: =MAX(ROUND($W21*AA$34,4),AA22-$Y$38) -> 0.0238 | AC21: =$P21*Y21 -> 0.000695 | AD21: =$P21*Z21 -> 0.000825 | AE21: =$P21*AA21 -> 0.00119 | AG21: =IF(AND(Y22-Y21<$Y$38,AG20=1),1,0) -> 1 | AH21: =IF(AND(Z22-Z21<$Y$38,AH20=1),1,0) -> 1 | AI21: =IF(AND(AA22-AA21<$Y$38,AI20=1),1,0) -> 1 | AK21: =IF(AND(Y$35>Y$34,AG21=1),MAX(ROUND(Y21*(AG$37/AG$35),4),MIN($AK$38,$D$13)),Y21) -> 0.0133 | AL21: =IF(AND(Z$35>Z$34,AH21=1),MAX(ROUND(Z21*(AH$37/AH$35),4),$D$13),Z21) -> 0.0165 | AM21: =IF(AND(AA$35>AA$34,AI21=1),MAX(ROUND(AA21*(AI$37/AI$35),4),$D$13),AA21) -> 0.0238 | AO21: =$P21*AK21 -> 0.000665 | AP21: =$P21*AL21 -> 0.000825 | AQ21: =$P21*AM21 -> 0.00119 | AS21: =AK21-AK20 -> 0.0012 | AT21: =AL21-AL20 -> 0.0016 | AU21: =AM21-AM20 -> 0.0023
O22: 10 | P22: 0.05 | Q22: 0.975 | R22: 1.105 | S22: =IF($K$29<Q22,0,IF($K$29<=R22,100%,0)) -> 0 | T22: =IF(S22=100%,S22,IF(T21<100%,T21+M$34,T21+M$35)) -> 0.85840708 | U22: =IF(T22=100%,T22,T22+K$32) -> 0.80309735 | V22: =IF(U22=100%,U22,MAX(ROUND(U22,2),V21+1%)) -> 0.8 | W22: =IF(V22=100%,V22,IF(V$35>2010%,V22-1%,IF(V$35<1990%,V22+1%,V22))) -> 0.8 | X22: =W22-W21 -> 0.07 | Y22: =MAX(ROUND($W22*Y$34,4),Y23-$Y$38) -> 0.0153 | Z22: =MAX(ROUND($W22*Z$34,4),Z23-$Y$38) -> 0.0181 | AA22: =MAX(ROUND($W22*AA$34,4),AA23-$Y$38) -> 0.0261 | AC22: =$P22*Y22 -> 0.000765 | AD22: =$P22*Z22 -> 0.000905 | AE22: =$P22*AA22 -> 0.001305 | AG22: =IF(AND(Y23-Y22<$Y$38,AG21=1),1,0) -> 1 | AH22: =IF(AND(Z23-Z22<$Y$38,AH21=1),1,0) -> 1 | AI22: =IF(AND(AA23-AA22<$Y$38,AI21=1),1,0) -> 1 | AK22: =IF(AND(Y$35>Y$34,AG22=1),MAX(ROUND(Y22*(AG$37/AG$35),4),MIN($AK$38,$D$13)),Y22) -> 0.0147 | AL22: =IF(AND(Z$35>Z$34,AH22=1),MAX(ROUND(Z22*(AH$37/AH$35),4),$D$13),Z22) -> 0.0181 | AM22: =IF(AND(AA$35>AA$34,AI22=1),MAX(ROUND(AA22*(AI$37/AI$35),4),$D$13),AA22) -> 0.0261 | AO22: =$P22*AK22 -> 0.000735 | AP22: =$P22*AL22 -> 0.000905 | AQ22: =$P22*AM22 -> 0.001305 | AS22: =AK22-AK21 -> 0.0014 | AT22: =AL22-AL21 -> 0.0016 | AU22: =AM22-AM21 -> 0.0023
O23: 11 | P23: 0.05 | Q23: 0.895 | R23: 1.025 | S23: =IF($K$29<Q23,0,IF($K$29<=R23,100%,0)) -> 0 | T23: =IF(S23=100%,S23,IF(T22<100%,T22+M$34,T22+M$35)) -> 0.92920354 | U23: =IF(T23=100%,T23,T23+K$32) -> 0.87389381 | V23: =IF(U23=100%,U23,MIN(ROUND(U23,2),V24-1%)) -> 0.87 | W23: =IF(V23=100%,V23,IF(V$35>2009%,V23-1%,IF(V$35<1991%,V23+1%,V23))) -> 0.87 | X23: =W23-W22 -> 0.07 | Y23: =MAX(ROUND($W23*Y$34,4),Y24-$Y$38) -> 0.0166 | Z23: =MAX(ROUND($W23*Z$34,4),Z24-$Y$38) -> 0.0197 | AA23: =MAX(ROUND($W23*AA$34,4),AA24-$Y$38) -> 0.0284 | AC23: =$P23*Y23 -> 0.00083 | AD23: =$P23*Z23 -> 0.000985 | AE23: =$P23*AA23 -> 0.00142 | AG23: =IF(AND(Y24-Y23<$Y$38,AG22=1),1,0) -> 1 | AH23: =IF(AND(Z24-Z23<$Y$38,AH22=1),1,0) -> 1 | AI23: =IF(AND(AA24-AA23<$Y$38,AI22=1),1,0) -> 1 | AK23: =IF(AND(Y$35>Y$34,AG23=1),MAX(ROUND(Y23*(AG$37/AG$35),4),MIN($AK$38,$D$13)),Y23) -> 0.0159 | AL23: =IF(AND(Z$35>Z$34,AH23=1),MAX(ROUND(Z23*(AH$37/AH$35),4),$D$13),Z23) -> 0.0197 | AM23: =IF(AND(AA$35>AA$34,AI23=1),MAX(ROUND(AA23*(AI$37/AI$35),4),$D$13),AA23) -> 0.0284 | AO23: =$P23*AK23 -> 0.000795 | AP23: =$P23*AL23 -> 0.000985 | AQ23: =$P23*AM23 -> 0.00142 | AS23: =AK23-AK22 -> 0.0012 | AT23: =AL23-AL22 -> 0.0016 | AU23: =AM23-AM22 -> 0.0023
O24: 12 | P24: 0.05 | Q24: 0.815 | R24: 0.935 | S24: =IF($K$29<Q24,0,IF($K$29<=R24,100%,0)) -> 1 | T24: =IF(S24=100%,S24,IF(T23<100%,T23+M$34,T23+M$35)) -> 1 | U24: =IF(T24=100%,T24,T24+K$32) -> 1 | V24: =IF(U24=100%,U24,MIN(ROUND(U24,2),V25-1%)) -> 1 | W24: =IF(V24=100%,V24,IF(V$35>2008%,V24-1%,IF(V$35<1992%,V24+1%,V24))) -> 1 | X24: =W24-W23 -> 0.13 | Y24: =MAX(ROUND($W24*Y$34,4),Y25-$Y$38) -> 0.0191 | Z24: =MAX(ROUND($W24*Z$34,4),Z25-$Y$38) -> 0.0226 | AA24: =MAX(ROUND($W24*AA$34,4),AA25-$Y$38) -> 0.0326 | AC24: =$P24*Y24 -> 0.000955 | AD24: =$P24*Z24 -> 0.00113 | AE24: =$P24*AA24 -> 0.00163 | AG24: =IF(AND(Y25-Y24<$Y$38,AG23=1),1,0) -> 1 | AH24: =IF(AND(Z25-Z24<$Y$38,AH23=1),1,0) -> 1 | AI24: =IF(AND(AA25-AA24<$Y$38,AI23=1),1,0) -> 1 | AK24: =IF(AND(Y$35>Y$34,AG24=1),MAX(ROUND(Y24*(AG$37/AG$35),4),MIN($AK$38,$D$13)),Y24) -> 0.0183 | AL24: =IF(AND(Z$35>Z$34,AH24=1),MAX(ROUND(Z24*(AH$37/AH$35),4),$D$13),Z24) -> 0.0226 | AM24: =IF(AND(AA$35>AA$34,AI24=1),MAX(ROUND(AA24*(AI$37/AI$35),4),$D$13),AA24) -> 0.0326 | AO24: =$P24*AK24 -> 0.000915 | AP24: =$P24*AL24 -> 0.00113 | AQ24: =$P24*AM24 -> 0.00163 | AS24: =AK24-AK23 -> 0.0024 | AT24: =AL24-AL23 -> 0.0029 | AU24: =AM24-AM23 -> 0.0042
O25: 13 | P25: 0.05 | Q25: 0.725 | R25: 0.855 | S25: =IF($K$29<Q25,0,IF($K$29<=R25,100%,0)) -> 1 | T25: =IF(S25=100%,S25,IF(T24<100%,T24+M$34,T24+M$35)) -> 1 | U25: =IF(T25=100%,T25,T25+K$32) -> 1 | V25: =IF(U25=100%,U25,MIN(ROUND(U25,2),V26-1%)) -> 1 | W25: =IF(V25=100%,V25,IF(V$35>2007%,V25-1%,IF(V$35<1993%,V25+1%,V25))) -> 1 | X25: =W25-W24 -> 0 | Y25: =MAX(ROUND($W25*Y$34,4),Y26-$Y$38) -> 0.0191 | Z25: =MAX(ROUND($W25*Z$34,4),Z26-$Y$38) -> 0.0226 | AA25: =MAX(ROUND($W25*AA$34,4),AA26-$Y$38) -> 0.0326 | AC25: =$P25*Y25 -> 0.000955 | AD25: =$P25*Z25 -> 0.00113 | AE25: =$P25*AA25 -> 0.00163 | AG25: =IF(AND(Y26-Y25<$Y$38,AG24=1),1,0) -> 1 | AH25: =IF(AND(Z26-Z25<$Y$38,AH24=1),1,0) -> 1 | AI25: =IF(AND(AA26-AA25<$Y$38,AI24=1),1,0) -> 1 | AK25: =IF(AND(Y$35>Y$34,AG25=1),MAX(ROUND(Y25*(AG$37/AG$35),4),MIN($AK$38,$D$13)),Y25) -> 0.0183 | AL25: =IF(AND(Z$35>Z$34,AH25=1),MAX(ROUND(Z25*(AH$37/AH$35),4),$D$13),Z25) -> 0.0226 | AM25: =IF(AND(AA$35>AA$34,AI25=1),MAX(ROUND(AA25*(AI$37/AI$35),4),$D$13),AA25) -> 0.0326 | AO25: =$P25*AK25 -> 0.000915 | AP25: =$P25*AL25 -> 0.00113 | AQ25: =$P25*AM25 -> 0.00163 | AS25: =AK25-AK24 -> 0 | AT25: =AL25-AL24 -> 0 | AU25: =AM25-AM24 -> 0
O26: 14 | P26: 0.05 | Q26: 0.655 | R26: 0.765 | S26: =IF($K$29<Q26,0,IF($K$29<=R26,100%,0)) -> 0 | T26: =IF(S26=100%,S26,IF(T25<100%,T25+M$34,T25+M$35)) -> 1.1984829 | U26: =IF(T26=100%,T26,T26+K$32) -> 1.1431732 | V26: =IF(U26=100%,U26,MIN(ROUND(U26,2),V27-1%)) -> 1.14 | W26: =IF(V26=100%,V26,IF(V$35>2006%,V26-1%,IF(V$35<1994%,V26+1%,V26))) -> 1.14 | X26: =W26-W25 -> 0.14 | Y26: =MAX(ROUND($W26*Y$34,4),Y27-$Y$38) -> 0.0218 | Z26: =MAX(ROUND($W26*Z$34,4),Z27-$Y$38) -> 0.0258 | AA26: =MAX(ROUND($W26*AA$34,4),AA27-$Y$38) -> 0.0372 | AC26: =$P26*Y26 -> 0.00109 | AD26: =$P26*Z26 -> 0.00129 | AE26: =$P26*AA26 -> 0.00186 | AG26: =IF(AND(Y27-Y26<$Y$38,AG25=1),1,0) -> 1 | AH26: =IF(AND(Z27-Z26<$Y$38,AH25=1),1,0) -> 1 | AI26: =IF(AND(AA27-AA26<$Y$38,AI25=1),1,0) -> 1 | AK26: =IF(AND(Y$35>Y$34,AG26=1),MAX(ROUND(Y26*(AG$37/AG$35),4),MIN($AK$38,$D$13)),Y26) -> 0.0209 | AL26: =IF(AND(Z$35>Z$34,AH26=1),MAX(ROUND(Z26*(AH$37/AH$35),4),$D$13),Z26) -> 0.0258 | AM26: =IF(AND(AA$35>AA$34,AI26=1),MAX(ROUND(AA26*(AI$37/AI$35),4),$D$13),AA26) -> 0.0372 | AO26: =$P26*AK26 -> 0.001045 | AP26: =$P26*AL26 -> 0.00129 | AQ26: =$P26*AM26 -> 0.00186 | AS26: =AK26-AK25 -> 0.0026 | AT26: =AL26-AL25 -> 0.0032 | AU26: =AM26-AM25 -> 0.0046
O27: 15 | P27: 0.05 | Q27: 0.49 | R27: 0.685 | S27: =IF($K$29<Q27,0,IF($K$29<=R27,100%,0)) -> 0 | T27: =IF(S27=100%,S27,IF(T26<100%,T26+M$34,T26+M$35)) -> 1.3969659 | U27: =IF(T27=100%,T27,T27+K$32) -> 1.3416561 | V27: =IF(U27=100%,U27,MIN(ROUND(U27,2),V28-1%)) -> 1.34 | W27: =IF(V27=100%,V27,IF(V$35>2005%,V27-1%,IF(V$35<1995%,V27+1%,V27))) -> 1.34 | X27: =W27-W26 -> 0.2 | Y27: =MAX(ROUND($W27*Y$34,4),Y28-$Y$38) -> 0.0256 | Z27: =MAX(ROUND($W27*Z$34,4),Z28-$Y$38) -> 0.0303 | AA27: =MAX(ROUND($W27*AA$34,4),AA28-$Y$38) -> 0.0437 | AC27: =$P27*Y27 -> 0.00128 | AD27: =$P27*Z27 -> 0.001515 | AE27: =$P27*AA27 -> 0.002185 | AG27: =IF(AND(Y28-Y27<$Y$38,AG26=1),1,0) -> 1 | AH27: =IF(AND(Z28-Z27<$Y$38,AH26=1),1,0) -> 1 | AI27: =IF(AND(AA28-AA27<$Y$38,AI26=1),1,0) -> 1 | AK27: =IF(AND(Y$35>Y$34,AG27=1),MAX(ROUND(Y27*(AG$37/AG$35),4),MIN($AK$38,$D$13)),Y27) -> 0.0245 | AL27: =IF(AND(Z$35>Z$34,AH27=1),MAX(ROUND(Z27*(AH$37/AH$35),4),$D$13),Z27) -> 0.0303 | AM27: =IF(AND(AA$35>AA$34,AI27=1),MAX(ROUND(AA27*(AI$37/AI$35),4),$D$13),AA27) -> 0.0437 | AO27: =$P27*AK27 -> 0.001225 | AP27: =$P27*AL27 -> 0.001515 | AQ27: =$P27*AM27 -> 0.002185 | AS27: =AK27-AK26 -> 0.0036 | AT27: =AL27-AL26 -> 0.0045 | AU27: =AM27-AM26 -> 0.0065
O28: 16 | P28: 0.05 | Q28: 0.4 | R28: 0.53 | S28: =IF($K$29<Q28,0,IF($K$29<=R28,100%,0)) -> 0 | T28: =IF(S28=100%,S28,IF(T27<100%,T27+M$34,T27+M$35)) -> 1.5954488 | U28: =IF(T28=100%,T28,T28+K$32) -> 1.5401391 | V28: =IF(U28=100%,U28,MIN(ROUND(U28,2),V29-1%)) -> 1.54 | W28: =IF(V28=100%,V28,IF(V$35>2004%,V28-1%,IF(V$35<1996%,V28+1%,V28))) -> 1.54 | X28: =W28-W27 -> 0.2 | Y28: =MAX(ROUND($W28*Y$34,4),Y29-$Y$38) -> 0.0294 | Z28: =MAX(ROUND($W28*Z$34,4),Z29-$Y$38) -> 0.0348 | AA28: =MAX(ROUND($W28*AA$34,4),AA29-$Y$38) -> 0.0502 | AC28: =$P28*Y28 -> 0.00147 | AD28: =$P28*Z28 -> 0.00174 | AE28: =$P28*AA28 -> 0.00251 | AG28: =IF(AND(Y29-Y28<$Y$38,AG27=1),1,0) -> 1 | AH28: =IF(AND(Z29-Z28<$Y$38,AH27=1),1,0) -> 1 | AI28: =IF(AND(AA29-AA28<$Y$38,AI27=1),1,0) -> 1 | AK28: =IF(AND(Y$35>Y$34,AG28=1),MAX(ROUND(Y28*(AG$37/AG$35),4),MIN($AK$38,$D$13)),Y28) -> 0.0282 | AL28: =IF(AND(Z$35>Z$34,AH28=1),MAX(ROUND(Z28*(AH$37/AH$35),4),$D$13),Z28) -> 0.0348 | AM28: =IF(AND(AA$35>AA$34,AI28=1),MAX(ROUND(AA28*(AI$37/AI$35),4),$D$13),AA28) -> 0.0502 | AO28: =$P28*AK28 -> 0.00141 | AP28: =$P28*AL28 -> 0.00174 | AQ28: =$P28*AM28 -> 0.00251 | AS28: =AK28-AK27 -> 0.0037 | AT28: =AL28-AL27 -> 0.0045 | AU28: =AM28-AM27 -> 0.0065
K29: =D15/AVERAGE(D13:D15) -> 0.83088235 | O29: 17 | P29: 0.05 | Q29: 0.31 | R29: 0.435 | S29: =IF($K$29<Q29,0,IF($K$29<=R29,100%,0)) -> 0 | T29: =IF(S29=100%,S29,IF(T28<100%,T28+M$34,T28+M$35)) -> 1.7939317 | U29: =IF(T29=100%,T29,T29+K$32) -> 1.738622 | V29: =IF(U29=100%,U29,MIN(ROUND(U29,2),V30-1%)) -> 1.74 | W29: =IF(V29=100%,V29,IF(V$35>2003%,V29-1%,IF(V$35<1997%,V29+1%,V29))) -> 1.74 | X29: =W29-W28 -> 0.2 | Y29: =MAX(ROUND($W29*Y$34,4),Y30-$Y$38) -> 0.0332 | Z29: =MAX(ROUND($W29*Z$34,4),Z30-$Y$38) -> 0.0393 | AA29: =MAX(ROUND($W29*AA$34,4),AA30-$Y$38) -> 0.0567 | AC29: =$P29*Y29 -> 0.00166 | AD29: =$P29*Z29 -> 0.001965 | AE29: =$P29*AA29 -> 0.002835 | AG29: =IF(AND(Y30-Y29<$Y$38,AG28=1),1,0) -> 1 | AH29: =IF(AND(Z30-Z29<$Y$38,AH28=1),1,0) -> 1 | AI29: =IF(AND(AA30-AA29<$Y$38,AI28=1),1,0) -> 1 | AK29: =IF(AND(Y$35>Y$34,AG29=1),MAX(ROUND(Y29*(AG$37/AG$35),4),MIN($AK$38,$D$13)),Y29) -> 0.0318 | AL29: =IF(AND(Z$35>Z$34,AH29=1),MAX(ROUND(Z29*(AH$37/AH$35),4),$D$13),Z29) -> 0.0393 | AM29: =IF(AND(AA$35>AA$34,AI29=1),MAX(ROUND(AA29*(AI$37/AI$35),4),$D$13),AA29) -> 0.0567 | AO29: =$P29*AK29 -> 0.00159 | AP29: =$P29*AL29 -> 0.001965 | AQ29: =$P29*AM29 -> 0.002835 | AS29: =AK29-AK28 -> 0.0036 | AT29: =AL29-AL28 -> 0.0045 | AU29: =AM29-AM28 -> 0.0065
O30: 18 | P30: 0.05 | Q30: 0.305 | R30: 0.34 | S30: =IF($K$29<Q30,0,IF($K$29<=R30,100%,0)) -> 0 | T30: =IF(S30=100%,S30,IF(T29<100%,T29+M$34,T29+M$35)) -> 1.9924147 | U30: =IF(T30=100%,T30,T30+K$32) -> 1.9371049 | V30: =IF(U30=100%,U30,MIN(ROUND(U30,2),V31-1%)) -> 1.94 | W30: =IF(V30=100%,V30,IF(V$35>2002%,V30-1%,IF(V$35<1998%,V30+1%,V30))) -> 1.94 | X30: =W30-W29 -> 0.2 | Y30: =MAX(ROUND($W30*Y$34,4),Y31-$Y$38) -> 0.0371 | Z30: =MAX(ROUND($W30*Z$34,4),Z31-$Y$38) -> 0.0438 | AA30: =MAX(ROUND($W30*AA$34,4),AA31-$Y$38) -> 0.0632 | AC30: =$P30*Y30 -> 0.001855 | AD30: =$P30*Z30 -> 0.00219 | AE30: =$P30*AA30 -> 0.00316 | AG30: =IF(AND(Y31-Y30<$Y$38,AG29=1),1,0) -> 1 | AH30: =IF(AND(Z31-Z30<$Y$38,AH29=1),1,0) -> 1 | AI30: =IF(AND(AA31-AA30<$Y$38,AI29=1),1,0) -> 1 | AK30: =IF(AND(Y$35>Y$34,AG30=1),MAX(ROUND(Y30*(AG$37/AG$35),4),MIN($AK$38,$D$13)),Y30) -> 0.0355 | AL30: =IF(AND(Z$35>Z$34,AH30=1),MAX(ROUND(Z30*(AH$37/AH$35),4),$D$13),Z30) -> 0.0438 | AM30: =IF(AND(AA$35>AA$34,AI30=1),MAX(ROUND(AA30*(AI$37/AI$35),4),$D$13),AA30) -> 0.0632 | AO30: =$P30*AK30 -> 0.001775 | AP30: =$P30*AL30 -> 0.00219 | AQ30: =$P30*AM30 -> 0.00316 | AS30: =AK30-AK29 -> 0.0037 | AT30: =AL30-AL29 -> 0.0045 | AU30: =AM30-AM29 -> 0.0065
K31: =18-S35 -> 16 | O31: 19 | P31: 0.05 | S31: 0 | T31: =IF(S31=100%,S31,IF(T30<100%,T30+M$34,T30+M$35)) -> 2.1908976 | U31: =IF(T31=100%,T31,T31+K$32) -> 2.1355879 | V31: =IF(U31=100%,U31,MIN(ROUND(U31,2),V32-1%,TRUNC(T32-1%,2))) -> 2.14 | W31: =IF(V31=100%,V31,IF(V$35>2001%,V31-1%,IF(V$35<1999%,V31+1%,V31))) -> 2.14 | X31: =W31-W30 -> 0.2 | Y31: =MAX(ROUND($W31*Y$34,4),Y32-$Y$38) -> 0.045 | Z31: =MAX(ROUND($W31*Z$34,4),Z32-$Y$38) -> 0.0484 | AA31: =MAX(ROUND($W31*AA$34,4),AA32-$Y$38) -> 0.0698 | AC31: =$P31*Y31 -> 0.00225 | AD31: =$P31*Z31 -> 0.00242 | AE31: =$P31*AA31 -> 0.00349 | AG31: =IF(AND(Y32-Y31<$Y$38,AG30=1),1,0) -> 0 | AH31: =IF(AND(Z32-Z31<$Y$38,AH30=1),1,0) -> 1 | AI31: =IF(AND(AA32-AA31<$Y$38,AI30=1),1,0) -> 1 | AK31: =IF(AND(Y$35>Y$34,AG31=1),MAX(ROUND(Y31*(AG$37/AG$35),4),MIN($AK$38,$D$13)),Y31) -> 0.045 | AL31: =IF(AND(Z$35>Z$34,AH31=1),MAX(ROUND(Z31*(AH$37/AH$35),4),$D$13),Z31) -> 0.0484 | AM31: =IF(AND(AA$35>AA$34,AI31=1),MAX(ROUND(AA31*(AI$37/AI$35),4),$D$13),AA31) -> 0.0698 | AO31: =$P31*AK31 -> 0.00225 | AP31: =$P31*AL31 -> 0.00242 | AQ31: =$P31*AM31 -> 0.00349 | AS31: =AK31-AK30 -> 0.0095 | AT31: =AL31-AL30 -> 0.0046 | AU31: =AM31-AM30 -> 0.0066
K32: =T34/K31 -> -0.055309735 | O32: 20 | P32: 0.05 | T32: =Z32/D15 -> 2.3893805 | U32: =T32 -> 2.3893805 | V32: =ROUND(U32,2) -> 2.39 | W32: =IF(V32=100%,V32,IF(V$35>2000%,V32-1%,IF(V$35<2000%,V32+1%,V32))) -> 2.39 | X32: =W32-W31 -> 0.25 | Y32: =MAX(ROUND($W32*Y$34,4),5.4%) -> 0.054 | Z32: =D14 -> 0.054 | AA32: =MAX(ROUND($W32*AA$34,4),5.4%) -> 0.0779 | AC32: =$P32*Y32 -> 0.0027 | AD32: =$P32*Z32 -> 0.0027 | AE32: =$P32*AA32 -> 0.003895 | AG32: 0 | AH32: 0 | AI32: 0 | AK32: =IF(AND(Y$35>Y$34,AG32=1),ROUND(Y32*(AG$37/AG$35),4),Y32) -> 0.054 | AL32: =D14 -> 0.054 | AM32: =IF(AND(AA$35>AA$34,AI32=1),ROUND(AA32*(AI$37/AI$35),4),AA32) -> 0.0779 | AO32: =$P32*AK32 -> 0.0027 | AP32: =$P32*AL32 -> 0.0027 | AQ32: =$P32*AM32 -> 0.003895 | AS32: =AK32-AK31 -> 0.009 | AT32: =AL32-AL31 -> 0.0056 | AU32: =AM32-AM31 -> 0.0081
K34: =100%-T13 -> 0.77876106 | L34: =IF(AND(S14=100%,S13<>100%),1,IF(AND(S15=100%,S14<>100%),2,IF(AND(S16=100%,S15<>100%),3,IF(AND(S17=100%,S16<>100%),4,IF(AND(S18=100%,S17<>100%),5,IF(AND(S19=100%,S18<>100%),6,IF(AND(S20=100%,S19<>100%),7,IF(AND(S21=100%,S20<>100%),8,IF(AND(S22=100%,S21<>100%),9,IF(AND(S23=100%,S22<>100%),10,IF(AND(S24=100%,S23<>100%),11,IF(AND(S25=100%,S24<>100%),12,IF(AND(S26=100%,S25<>100%),13,IF(AND(S27=100%,S26<>100%),14,IF(AND(S28=100%,S27<>100%),15,IF(AND(S29=100%,S28<>100%),16,IF(AND(S30=100%,S29<>100%),17,IF(AND(S31=100%,S30<>100%),18,99)))))))))))))))))) -> 11 | M34: =K34/L34 -> 0.07079646 | T34: =2000%-T35 -> -0.88495575 | W34: Input Average Tax Rate: | Y34: =E15 -> 0.0191 | Z34: =D15 -> 0.0226 | AA34: =F15 -> 0.0326 | AG34: =Y34 -> 0.0191 | AH34: =Z34 -> 0.0226 | AI34: =AA34 -> 0.0326 | AK34: =Y34 -> 0.0191 | AL34: =Z34 -> 0.0226 | AM34: =AA34 -> 0.0326 | AS34: =MAX(AS14:AS32) -> 0.0095 | AT34: =MAX(AT14:AT32) -> 0.0056 | AU34: =MAX(AU14:AU32) -> 0.0081
K35: =T32-100% -> 1.3893805 | L35: =IF(AND(S14=100%,S15<>100%),18,IF(AND(S15=100%,S16<>100%),17,IF(AND(S16=100%,S17<>100%),16,IF(AND(S17=100%,S18<>100%),15,IF(AND(S18=100%,S19<>100%),14,IF(AND(S19=100%,S20<>100%),13,IF(AND(S20=100%,S21<>100%),12,IF(AND(S21=100%,S22<>100%),11,IF(AND(S22=100%,S23<>100%),10,IF(AND(S23=100%,S24<>100%),9,IF(AND(S24=100%,S25<>100%),8,IF(AND(S25=100%,S26<>100%),7,IF(AND(S26=100%,S27<>100%),6,IF(AND(S27=100%,S28<>100%),5,IF(AND(S28=100%,S29<>100%),4,IF(AND(S29=100%,S30<>100%),3,IF(AND(S30=100%,S31<>100%),2,IF(AND(S31=100%,S32<>100%),1,99)))))))))))))))))) -> 7 | M35: =K35/L35 -> 0.19848293 | S35: =SUM(S13:S32) -> 2 | T35: =SUM(T13:T32) -> 20.884956 | U35: =SUM(U13:U32) -> 20 | V35: =SUM(V13:V32) -> 20 | W35: Final Average Tax Rate: | Y35: =SUM(AC13:AC32) -> 0.019725 | Z35: =SUM(AD13:AD32) -> 0.022605 | AA35: =SUM(AE13:AE32) -> 0.032605 | AG35: =SUMIF(AG13:AG32,"=1",AC13:AC32) -> 0.014775 | AH35: =SUMIF(AH13:AH32,"=1",AD13:AD32) -> 0.019905 | AI35: =SUMIF(AI13:AI32,"=1",AE13:AE32) -> 0.02871 | AK35: =SUM(AO13:AO32) -> 0.019105 | AL35: =SUM(AP13:AP32) -> 0.022605 | AM35: =SUM(AQ13:AQ32) -> 0.032605
AG36: =SUMIF(AG13:AG32,"=0",AC13:AC32) -> 0.00495 | AH36: =SUMIF(AH13:AH32,"=0",AD13:AD32) -> 0.0027 | AI36: =SUMIF(AI13:AI32,"=0",AE13:AE32) -> 0.003895
AG37: =AG34-AG36 -> 0.01415 | AH37: =AH34-AH36 -> 0.0199 | AI37: =AI34-AI36 -> 0.028705
Y38: 0.009 | Z38: maximum increment | AK38: 0.001 | AL38: minimum tax rate for low schedule

Sheet Tax System Simulation
C2: Tax System Simulation
B3: This application will test the adequacy of the newly created tax table, in terms of the level of trust fund
B4: solvency it will provide under various levels of benefits costs. The simulation measures the number of
B5: years needed to reach the target balance from a specified beginning balance.
B6: The user only needs to input the starting trust fund level (in the form of an Average High Cost Multiple)
B7: and the average level of benefit costs to be simulated over the 10-year period.
B9: Simulation Inputs
G10: Beginning Average High Cost Multiple | H10: 0
G11: Average Benefit Cost Rate (% of Taxable Wages) | H11: 0.02
E13: Simulation Results
C14: Beginning
C15: Balance | F15: % of Taxable Wages
C16: as % of | D16: Beginning | E16: Schedule | H16: Ending | I16: Ending
C17: Tax. Wag. | D17: AHCM | E17: in Effect | F17: Revenues | G17: Benefits | H17: Reserves | I17: AHCM
B18: Year 0 | H18: =I18*'Step 2-3 Avg Rate and Trig Calc'!$K$54 -> 0 | I18: =H10 -> 0
B19: Year 1 | C19: =H18 -> 0 | D19: =I18 -> 0 | E19: =IF(D19>='Step 2-3 Avg Rate and Trig Calc'!E$62,'Step 2-3 Avg Rate and Trig Calc'!D$60,IF(D19>='Step 2-3 Avg Rate and Trig Calc'!F$62,'Step 2-3 Avg Rate and Trig Calc'!E$60,IF(OR(D19>='Step 2-3 Avg Rate and Trig Calc'!G$62,'Step 2-3 Avg Rate and Trig Calc'!G$62=""),'Step 2-3 Avg Rate and Trig Calc'!F$60,IF(OR(D19>='Step 2-3 Avg Rate and Trig Calc'!H$62,'Step 2-3 Avg Rate and Trig Calc'!H$62=""),'Step 2-3 Avg Rate and Trig Calc'!G$60,IF(OR(D19>='Step 2-3 Avg Rate and Trig Calc'!I$62,'Step 2-3 Avg Rate and Trig Calc'!I$62=""),'Step 2-3 Avg Rate and Trig Calc'!H$60,IF(OR(D19>='Step 2-3 Avg Rate and Trig Calc'!J$62,'Step 2-3 Avg Rate and Trig Calc'!J$62=""),'Step 2-3 Avg Rate and Trig Calc'!I$60,IF(OR(D19>='Step 2-3 Avg Rate and Trig Calc'!K$62,'Step 2-3 Avg Rate and Trig Calc'!K$62=""),'Step 2-3 Avg Rate and Trig Calc'!J$60,IF(OR(D19>='Step 2-3 Avg Rate and Trig Calc'!L$62,'Step 2-3 Avg Rate and Trig Calc'!L$62=""),'Step 2-3 Avg Rate and Trig Calc'!K$60,IF(OR(D19>='Step 2-3 Avg Rate and Trig Calc'!M$62,'Step 2-3 Avg Rate and Trig Calc'!M$62=""),'Step 2-3 Avg Rate and Trig Calc'!L$60,IF(OR(D19>='Step 2-3 Avg Rate and Trig Calc'!N$62,'Step 2-3 Avg Rate and Trig Calc'!N$62=""),'Step 2-3 Avg Rate and Trig Calc'!M$60,IF(OR(D19>='Step 2-3 Avg Rate and Trig Calc'!O$62,'Step 2-3 Avg Rate and Trig Calc'!O$62=""),'Step 2-3 Avg Rate and Trig Calc'!N$60,'Step 2-3 Avg Rate and Trig Calc'!O$60))))))))))) -> I | F19: =IF(E19="A",'Step 2-3 Avg Rate and Trig Calc'!D$69,IF(E19="B",'Step 2-3 Avg Rate and Trig Calc'!E$69,IF(E19="C",'Step 2-3 Avg Rate and Trig Calc'!F$69,IF(E19="D",'Step 2-3 Avg Rate and Trig Calc'!G$69,IF(E19="E",'Step 2-3 Avg Rate and Trig Calc'!H$69,IF(E19="F",'Step 2-3 Avg Rate and Trig Calc'!I$69,IF(E19="G",'Step 2-3 Avg Rate and Trig Calc'!J$69,IF(E19="H",'Step 2-3 Avg Rate and Trig Calc'!K$69,IF(E19="I",'Step 2-3 Avg Rate and Trig Calc'!L$69,IF(E19="j",'Step 2-3 Avg Rate and Trig Calc'!M$69,IF(E19="K",'Step 2-3 Avg Rate and Trig Calc'!N$69,IF(E19="L",'Step 2-3 Avg Rate and Trig Calc'!O$69,"ERROR")))))))))))) -> 0.034 | G19: =H11 -> 0.02 | H19: =C19+F19-G19 -> 0.014 | I19: =H19/'Step 2-3 Avg Rate and Trig Calc'!$K$54*'Base Rate Calculation'!$I$25 -> 0.36493333
B20: Year 2 | C20: =H19 -> 0.014 | D20: =I19 -> 0.36493333 | E20: =IF(D20>='Step 2-3 Avg Rate and Trig Calc'!E$62,'Step 2-3 Avg Rate and Trig Calc'!D$60,IF(D20>='Step 2-3 Avg Rate and Trig Calc'!F$62,'Step 2-3 Avg Rate and Trig Calc'!E$60,IF(OR(D20>='Step 2-3 Avg Rate and Trig Calc'!G$62,'Step 2-3 Avg Rate and Trig Calc'!G$62=""),'Step 2-3 Avg Rate and Trig Calc'!F$60,IF(OR(D20>='Step 2-3 Avg Rate and Trig Calc'!H$62,'Step 2-3 Avg Rate and Trig Calc'!H$62=""),'Step 2-3 Avg Rate and Trig Calc'!G$60,IF(OR(D20>='Step 2-3 Avg Rate and Trig Calc'!I$62,'Step 2-3 Avg Rate and Trig Calc'!I$62=""),'Step 2-3 Avg Rate and Trig Calc'!H$60,IF(OR(D20>='Step 2-3 Avg Rate and Trig Calc'!J$62,'Step 2-3 Avg Rate and Trig Calc'!J$62=""),'Step 2-3 Avg Rate and Trig Calc'!I$60,IF(OR(D20>='Step 2-3 Avg Rate and Trig Calc'!K$62,'Step 2-3 Avg Rate and Trig Calc'!K$62=""),'Step 2-3 Avg Rate and Trig Calc'!J$60,IF(OR(D20>='Step 2-3 Avg Rate and Trig Calc'!L$62,'Step 2-3 Avg Rate and Trig Calc'!L$62=""),'Step 2-3 Avg Rate and Trig Calc'!K$60,IF(OR(D20>='Step 2-3 Avg Rate and Trig Calc'!M$62,'Step 2-3 Avg Rate and Trig Calc'!M$62=""),'Step 2-3 Avg Rate and Trig Calc'!L$60,IF(OR(D20>='Step 2-3 Avg Rate and Trig Calc'!N$62,'Step 2-3 Avg Rate and Trig Calc'!N$62=""),'Step 2-3 Avg Rate and Trig Calc'!M$60,IF(OR(D20>='Step 2-3 Avg Rate and Trig Calc'!O$62,'Step 2-3 Avg Rate and Trig Calc'!O$62=""),'Step 2-3 Avg Rate and Trig Calc'!N$60,'Step 2-3 Avg Rate and Trig Calc'!O$60))))))))))) -> H | F20: =IF(E20="A",'Step 2-3 Avg Rate and Trig Calc'!D$69,IF(E20="B",'Step 2-3 Avg Rate and Trig Calc'!E$69,IF(E20="C",'Step 2-3 Avg Rate and Trig Calc'!F$69,IF(E20="D",'Step 2-3 Avg Rate and Trig Calc'!G$69,IF(E20="E",'Step 2-3 Avg Rate and Trig Calc'!H$69,IF(E20="F",'Step 2-3 Avg Rate and Trig Calc'!I$69,IF(E20="G",'Step 2-3 Avg Rate and Trig Calc'!J$69,IF(E20="H",'Step 2-3 Avg Rate and Trig Calc'!K$69,IF(E20="I",'Step 2-3 Avg Rate and Trig Calc'!L$69,IF(E20="j",'Step 2-3 Avg Rate and Trig Calc'!M$69,IF(E20="K",'Step 2-3 Avg Rate and Trig Calc'!N$69,IF(E20="L",'Step 2-3 Avg Rate and Trig Calc'!O$69,"ERROR")))))))))))) -> 0.0324 | G20: =G$19 -> 0.02 | H20: =C20+F20-G20 -> 0.0264 | I20: =H20/'Step 2-3 Avg Rate and Trig Calc'!$K$54*'Base Rate Calculation'!$I$25 -> 0.68816
B21: Year 3 | C21: =H20 -> 0.0264 | D21: =I20 -> 0.68816 | E21: =IF(D21>='Step 2-3 Avg Rate and Trig Calc'!E$62,'Step 2-3 Avg Rate and Trig Calc'!D$60,IF(D21>='Step 2-3 Avg Rate and Trig Calc'!F$62,'Step 2-3 Avg Rate and Trig Calc'!E$60,IF(OR(D21>='Step 2-3 Avg Rate and Trig Calc'!G$62,'Step 2-3 Avg Rate and Trig Calc'!G$62=""),'Step 2-3 Avg Rate and Trig Calc'!F$60,IF(OR(D21>='Step 2-3 Avg Rate and Trig Calc'!H$62,'Step 2-3 Avg Rate and Trig Calc'!H$62=""),'Step 2-3 Avg Rate and Trig Calc'!G$60,IF(OR(D21>='Step 2-3 Avg Rate and Trig Calc'!I$62,'Step 2-3 Avg Rate and Trig Calc'!I$62=""),'Step 2-3 Avg Rate and Trig Calc'!H$60,IF(OR(D21>='Step 2-3 Avg Rate and Trig Calc'!J$62,'Step 2-3 Avg Rate and Trig Calc'!J$62=""),'Step 2-3 Avg Rate and Trig Calc'!I$60,IF(OR(D21>='Step 2-3 Avg Rate and Trig Calc'!K$62,'Step 2-3 Avg Rate and Trig Calc'!K$62=""),'Step 2-3 Avg Rate and Trig Calc'!J$60,IF(OR(D21>='Step 2-3 Avg Rate and Trig Calc'!L$62,'Step 2-3 Avg Rate and Trig Calc'!L$62=""),'Step 2-3 Avg Rate and Trig Calc'!K$60,IF(OR(D21>='Step 2-3 Avg Rate and Trig Calc'!M$62,'Step 2-3 Avg Rate and Trig Calc'!M$62=""),'Step 2-3 Avg Rate and Trig Calc'!L$60,IF(OR(D21>='Step 2-3 Avg Rate and Trig Calc'!N$62,'Step 2-3 Avg Rate and Trig Calc'!N$62=""),'Step 2-3 Avg Rate and Trig Calc'!M$60,IF(OR(D21>='Step 2-3 Avg Rate and Trig Calc'!O$62,'Step 2-3 Avg Rate and Trig Calc'!O$62=""),'Step 2-3 Avg Rate and Trig Calc'!N$60,'Step 2-3 Avg Rate and Trig Calc'!O$60))))))))))) -> E | F21: =IF(E21="A",'Step 2-3 Avg Rate and Trig Calc'!D$69,IF(E21="B",'Step 2-3 Avg Rate and Trig Calc'!E$69,IF(E21="C",'Step 2-3 Avg Rate and Trig Calc'!F$69,IF(E21="D",'Step 2-3 Avg Rate and Trig Calc'!G$69,IF(E21="E",'Step 2-3 Avg Rate and Trig Calc'!H$69,IF(E21="F",'Step 2-3 Avg Rate and Trig Calc'!I$69,IF(E21="G",'Step 2-3 Avg Rate and Trig Calc'!J$69,IF(E21="H",'Step 2-3 Avg Rate and Trig Calc'!K$69,IF(E21="I",'Step 2-3 Avg Rate and Trig Calc'!L$69,IF(E21="j",'Step 2-3 Avg Rate and Trig Calc'!M$69,IF(E21="K",'Step 2-3 Avg Rate and Trig Calc'!N$69,IF(E21="L",'Step 2-3 Avg Rate and Trig Calc'!O$69,"ERROR")))))))))))) -> 0.0274 | G21: =G$19 -> 0.02 | H21: =C21+F21-G21 -> 0.0338 | I21: =H21/'Step 2-3 Avg Rate and Trig Calc'!$K$54*'Base Rate Calculation'!$I$25 -> 0.88105333
B22: Year 4 | C22: =H21 -> 0.0338 | D22: =I21 -> 0.88105333 | E22: =IF(D22>='Step 2-3 Avg Rate and Trig Calc'!E$62,'Step 2-3 Avg Rate and Trig Calc'!D$60,IF(D22>='Step 2-3 Avg Rate and Trig Calc'!F$62,'Step 2-3 Avg Rate and Trig Calc'!E$60,IF(OR(D22>='Step 2-3 Avg Rate and Trig Calc'!G$62,'Step 2-3 Avg Rate and Trig Calc'!G$62=""),'Step 2-3 Avg Rate and Trig Calc'!F$60,IF(OR(D22>='Step 2-3 Avg Rate and Trig Calc'!H$62,'Step 2-3 Avg Rate and Trig Calc'!H$62=""),'Step 2-3 Avg Rate and Trig Calc'!G$60,IF(OR(D22>='Step 2-3 Avg Rate and Trig Calc'!I$62,'Step 2-3 Avg Rate and Trig Calc'!I$62=""),'Step 2-3 Avg Rate and Trig Calc'!H$60,IF(OR(D22>='Step 2-3 Avg Rate and Trig Calc'!J$62,'Step 2-3 Avg Rate and Trig Calc'!J$62=""),'Step 2-3 Avg Rate and Trig Calc'!I$60,IF(OR(D22>='Step 2-3 Avg Rate and Trig Calc'!K$62,'Step 2-3 Avg Rate and Trig Calc'!K$62=""),'Step 2-3 Avg Rate and Trig Calc'!J$60,IF(OR(D22>='Step 2-3 Avg Rate and Trig Calc'!L$62,'Step 2-3 Avg Rate and Trig Calc'!L$62=""),'Step 2-3 Avg Rate and Trig Calc'!K$60,IF(OR(D22>='Step 2-3 Avg Rate and Trig Calc'!M$62,'Step 2-3 Avg Rate and Trig Calc'!M$62=""),'Step 2-3 Avg Rate and Trig Calc'!L$60,IF(OR(D22>='Step 2-3 Avg Rate and Trig Calc'!N$62,'Step 2-3 Avg Rate and Trig Calc'!N$62=""),'Step 2-3 Avg Rate and Trig Calc'!M$60,IF(OR(D22>='Step 2-3 Avg Rate and Trig Calc'!O$62,'Step 2-3 Avg Rate and Trig Calc'!O$62=""),'Step 2-3 Avg Rate and Trig Calc'!N$60,'Step 2-3 Avg Rate and Trig Calc'!O$60))))))))))) -> C | F22: =IF(E22="A",'Step 2-3 Avg Rate and Trig Calc'!D$69,IF(E22="B",'Step 2-3 Avg Rate and Trig Calc'!E$69,IF(E22="C",'Step 2-3 Avg Rate and Trig Calc'!F$69,IF(E22="D",'Step 2-3 Avg Rate and Trig Calc'!G$69,IF(E22="E",'Step 2-3 Avg Rate and Trig Calc'!H$69,IF(E22="F",'Step 2-3 Avg Rate and Trig Calc'!I$69,IF(E22="G",'Step 2-3 Avg Rate and Trig Calc'!J$69,IF(E22="H",'Step 2-3 Avg Rate and Trig Calc'!K$69,IF(E22="I",'Step 2-3 Avg Rate and Trig Calc'!L$69,IF(E22="j",'Step 2-3 Avg Rate and Trig Calc'!M$69,IF(E22="K",'Step 2-3 Avg Rate and Trig Calc'!N$69,IF(E22="L",'Step 2-3 Avg Rate and Trig Calc'!O$69,"ERROR")))))))))))) -> 0.0241 | G22: =G$19 -> 0.02 | H22: =C22+F22-G22 -> 0.0379 | I22: =H22/'Step 2-3 Avg Rate and Trig Calc'!$K$54*'Base Rate Calculation'!$I$25 -> 0.98792667
B23: Year 5 | C23: =H22 -> 0.0379 | D23: =I22 -> 0.98792667 | E23: =IF(D23>='Step 2-3 Avg Rate and Trig Calc'!E$62,'Step 2-3 Avg Rate and Trig Calc'!D$60,IF(D23>='Step 2-3 Avg Rate and Trig Calc'!F$62,'Step 2-3 Avg Rate and Trig Calc'!E$60,IF(OR(D23>='Step 2-3 Avg Rate and Trig Calc'!G$62,'Step 2-3 Avg Rate and Trig Calc'!G$62=""),'Step 2-3 Avg Rate and Trig Calc'!F$60,IF(OR(D23>='Step 2-3 Avg Rate and Trig Calc'!H$62,'Step 2-3 Avg Rate and Trig Calc'!H$62=""),'Step 2-3 Avg Rate and Trig Calc'!G$60,IF(OR(D23>='Step 2-3 Avg Rate and Trig Calc'!I$62,'Step 2-3 Avg Rate and Trig Calc'!I$62=""),'Step 2-3 Avg Rate and Trig Calc'!H$60,IF(OR(D23>='Step 2-3 Avg Rate and Trig Calc'!J$62,'Step 2-3 Avg Rate and Trig Calc'!J$62=""),'Step 2-3 Avg Rate and Trig Calc'!I$60,IF(OR(D23>='Step 2-3 Avg Rate and Trig Calc'!K$62,'Step 2-3 Avg Rate and Trig Calc'!K$62=""),'Step 2-3 Avg Rate and Trig Calc'!J$60,IF(OR(D23>='Step 2-3 Avg Rate and Trig Calc'!L$62,'Step 2-3 Avg Rate and Trig Calc'!L$62=""),'Step 2-3 Avg Rate and Trig Calc'!K$60,IF(OR(D23>='Step 2-3 Avg Rate and Trig Calc'!M$62,'Step 2-3 Avg Rate and Trig Calc'!M$62=""),'Step 2-3 Avg Rate and Trig Calc'!L$60,IF(OR(D23>='Step 2-3 Avg Rate and Trig Calc'!N$62,'Step 2-3 Avg Rate and Trig Calc'!N$62=""),'Step 2-3 Avg Rate and Trig Calc'!M$60,IF(OR(D23>='Step 2-3 Avg Rate and Trig Calc'!O$62,'Step 2-3 Avg Rate and Trig Calc'!O$62=""),'Step 2-3 Avg Rate and Trig Calc'!N$60,'Step 2-3 Avg Rate and Trig Calc'!O$60))))))))))) -> C | F23: =IF(E23="A",'Step 2-3 Avg Rate and Trig Calc'!D$69,IF(E23="B",'Step 2-3 Avg Rate and Trig Calc'!E$69,IF(E23="C",'Step 2-3 Avg Rate and Trig Calc'!F$69,IF(E23="D",'Step 2-3 Avg Rate and Trig Calc'!G$69,IF(E23="E",'Step 2-3 Avg Rate and Trig Calc'!H$69,IF(E23="F",'Step 2-3 Avg Rate and Trig Calc'!I$69,IF(E23="G",'Step 2-3 Avg Rate and Trig Calc'!J$69,IF(E23="H",'Step 2-3 Avg Rate and Trig Calc'!K$69,IF(E23="I",'Step 2-3 Avg Rate and Trig Calc'!L$69,IF(E23="j",'Step 2-3 Avg Rate and Trig Calc'!M$69,IF(E23="K",'Step 2-3 Avg Rate and Trig Calc'!N$69,IF(E23="L",'Step 2-3 Avg Rate and Trig Calc'!O$69,"ERROR")))))))))))) -> 0.0241 | G23: =G$19 -> 0.02 | H23: =C23+F23-G23 -> 0.042 | I23: =H23/'Step 2-3 Avg Rate and Trig Calc'!$K$54*'Base Rate Calculation'!$I$25 -> 1.0948
B24: Year 6 | C24: =H23 -> 0.042 | D24: =I23 -> 1.0948 | E24: =IF(D24>='Step 2-3 Avg Rate and Trig Calc'!E$62,'Step 2-3 Avg Rate and Trig Calc'!D$60,IF(D24>='Step 2-3 Avg Rate and Trig Calc'!F$62,'Step 2-3 Avg Rate and Trig Calc'!E$60,IF(OR(D24>='Step 2-3 Avg Rate and Trig Calc'!G$62,'Step 2-3 Avg Rate and Trig Calc'!G$62=""),'Step 2-3 Avg Rate and Trig Calc'!F$60,IF(OR(D24>='Step 2-3 Avg Rate and Trig Calc'!H$62,'Step 2-3 Avg Rate and Trig Calc'!H$62=""),'Step 2-3 Avg Rate and Trig Calc'!G$60,IF(OR(D24>='Step 2-3 Avg Rate and Trig Calc'!I$62,'Step 2-3 Avg Rate and Trig Calc'!I$62=""),'Step 2-3 Avg Rate and Trig Calc'!H$60,IF(OR(D24>='Step 2-3 Avg Rate and Trig Calc'!J$62,'Step 2-3 Avg Rate and Trig Calc'!J$62=""),'Step 2-3 Avg Rate and Trig Calc'!I$60,IF(OR(D24>='Step 2-3 Avg Rate and Trig Calc'!K$62,'Step 2-3 Avg Rate and Trig Calc'!K$62=""),'Step 2-3 Avg Rate and Trig Calc'!J$60,IF(OR(D24>='Step 2-3 Avg Rate and Trig Calc'!L$62,'Step 2-3 Avg Rate and Trig Calc'!L$62=""),'Step 2-3 Avg Rate and Trig Calc'!K$60,IF(OR(D24>='Step 2-3 Avg Rate and Trig Calc'!M$62,'Step 2-3 Avg Rate and Trig Calc'!M$62=""),'Step 2-3 Avg Rate and Trig Calc'!L$60,IF(OR(D24>='Step 2-3 Avg Rate and Trig Calc'!N$62,'Step 2-3 Avg Rate and Trig Calc'!N$62=""),'Step 2-3 Avg Rate and Trig Calc'!M$60,IF(OR(D24>='Step 2-3 Avg Rate and Trig Calc'!O$62,'Step 2-3 Avg Rate and Trig Calc'!O$62=""),'Step 2-3 Avg Rate and Trig Calc'!N$60,'Step 2-3 Avg Rate and Trig Calc'!O$60))))))))))) -> B | F24: =IF(E24="A",'Step 2-3 Avg Rate and Trig Calc'!D$69,IF(E24="B",'Step 2-3 Avg Rate and Trig Calc'!E$69,IF(E24="C",'Step 2-3 Avg Rate and Trig Calc'!F$69,IF(E24="D",'Step 2-3 Avg Rate and Trig Calc'!G$69,IF(E24="E",'Step 2-3 Avg Rate and Trig Calc'!H$69,IF(E24="F",'Step 2-3 Avg Rate and Trig Calc'!I$69,IF(E24="G",'Step 2-3 Avg Rate and Trig Calc'!J$69,IF(E24="H",'Step 2-3 Avg Rate and Trig Calc'!K$69,IF(E24="I",'Step 2-3 Avg Rate and Trig Calc'!L$69,IF(E24="j",'Step 2-3 Avg Rate and Trig Calc'!M$69,IF(E24="K",'Step 2-3 Avg Rate and Trig Calc'!N$69,IF(E24="L",'Step 2-3 Avg Rate and Trig Calc'!O$69,"ERROR")))))))))))) -> 0.0225 | G24: =G$19 -> 0.02 | H24: =C24+F24-G24 -> 0.0445 | I24: =H24/'Step 2-3 Avg Rate and Trig Calc'!$K$54*'Base Rate Calculation'!$I$25 -> 1.1599667
B25: Year 7 | C25: =H24 -> 0.0445 | D25: =I24 -> 1.1599667 | E25: =IF(D25>='Step 2-3 Avg Rate and Trig Calc'!E$62,'Step 2-3 Avg Rate and Trig Calc'!D$60,IF(D25>='Step 2-3 Avg Rate and Trig Calc'!F$62,'Step 2-3 Avg Rate and Trig Calc'!E$60,IF(OR(D25>='Step 2-3 Avg Rate and Trig Calc'!G$62,'Step 2-3 Avg Rate and Trig Calc'!G$62=""),'Step 2-3 Avg Rate and Trig Calc'!F$60,IF(OR(D25>='Step 2-3 Avg Rate and Trig Calc'!H$62,'Step 2-3 Avg Rate and Trig Calc'!H$62=""),'Step 2-3 Avg Rate and Trig Calc'!G$60,IF(OR(D25>='Step 2-3 Avg Rate and Trig Calc'!I$62,'Step 2-3 Avg Rate and Trig Calc'!I$62=""),'Step 2-3 Avg Rate and Trig Calc'!H$60,IF(OR(D25>='Step 2-3 Avg Rate and Trig Calc'!J$62,'Step 2-3 Avg Rate and Trig Calc'!J$62=""),'Step 2-3 Avg Rate and Trig Calc'!I$60,IF(OR(D25>='Step 2-3 Avg Rate and Trig Calc'!K$62,'Step 2-3 Avg Rate and Trig Calc'!K$62=""),'Step 2-3 Avg Rate and Trig Calc'!J$60,IF(OR(D25>='Step 2-3 Avg Rate and Trig Calc'!L$62,'Step 2-3 Avg Rate and Trig Calc'!L$62=""),'Step 2-3 Avg Rate and Trig Calc'!K$60,IF(OR(D25>='Step 2-3 Avg Rate and Trig Calc'!M$62,'Step 2-3 Avg Rate and Trig Calc'!M$62=""),'Step 2-3 Avg Rate and Trig Calc'!L$60,IF(OR(D25>='Step 2-3 Avg Rate and Trig Calc'!N$62,'Step 2-3 Avg Rate and Trig Calc'!N$62=""),'Step 2-3 Avg Rate and Trig Calc'!M$60,IF(OR(D25>='Step 2-3 Avg Rate and Trig Calc'!O$62,'Step 2-3 Avg Rate and Trig Calc'!O$62=""),'Step 2-3 Avg Rate and Trig Calc'!N$60,'Step 2-3 Avg Rate and Trig Calc'!O$60))))))))))) -> B | F25: =IF(E25="A",'Step 2-3 Avg Rate and Trig Calc'!D$69,IF(E25="B",'Step 2-3 Avg Rate and Trig Calc'!E$69,IF(E25="C",'Step 2-3 Avg Rate and Trig Calc'!F$69,IF(E25="D",'Step 2-3 Avg Rate and Trig Calc'!G$69,IF(E25="E",'Step 2-3 Avg Rate and Trig Calc'!H$69,IF(E25="F",'Step 2-3 Avg Rate and Trig Calc'!I$69,IF(E25="G",'Step 2-3 Avg Rate and Trig Calc'!J$69,IF(E25="H",'Step 2-3 Avg Rate and Trig Calc'!K$69,IF(E25="I",'Step 2-3 Avg Rate and Trig Calc'!L$69,IF(E25="j",'Step 2-3 Avg Rate and Trig Calc'!M$69,IF(E25="K",'Step 2-3 Avg Rate and Trig Calc'!N$69,IF(E25="L",'Step 2-3 Avg Rate and Trig Calc'!O$69,"ERROR")))))))))))) -> 0.0225 | G25: =G$19 -> 0.02 | H25: =C25+F25-G25 -> 0.047 | I25: =H25/'Step 2-3 Avg Rate and Trig Calc'!$K$54*'Base Rate Calculation'!$I$25 -> 1.2251333
B26: Year 8 | C26: =H25 -> 0.047 | D26: =I25 -> 1.2251333 | E26: =IF(D26>='Step 2-3 Avg Rate and Trig Calc'!E$62,'Step 2-3 Avg Rate and Trig Calc'!D$60,IF(D26>='Step 2-3 Avg Rate and Trig Calc'!F$62,'Step 2-3 Avg Rate and Trig Calc'!E$60,IF(OR(D26>='Step 2-3 Avg Rate and Trig Calc'!G$62,'Step 2-3 Avg Rate and Trig Calc'!G$62=""),'Step 2-3 Avg Rate and Trig Calc'!F$60,IF(OR(D26>='Step 2-3 Avg Rate and Trig Calc'!H$62,'Step 2-3 Avg Rate and Trig Calc'!H$62=""),'Step 2-3 Avg Rate and Trig Calc'!G$60,IF(OR(D26>='Step 2-3 Avg Rate and Trig Calc'!I$62,'Step 2-3 Avg Rate and Trig Calc'!I$62=""),'Step 2-3 Avg Rate and Trig Calc'!H$60,IF(OR(D26>='Step 2-3 Avg Rate and Trig Calc'!J$62,'Step 2-3 Avg Rate and Trig Calc'!J$62=""),'Step 2-3 Avg Rate and Trig Calc'!I$60,IF(OR(D26>='Step 2-3 Avg Rate and Trig Calc'!K$62,'Step 2-3 Avg Rate and Trig Calc'!K$62=""),'Step 2-3 Avg Rate and Trig Calc'!J$60,IF(OR(D26>='Step 2-3 Avg Rate and Trig Calc'!L$62,'Step 2-3 Avg Rate and Trig Calc'!L$62=""),'Step 2-3 Avg Rate and Trig Calc'!K$60,IF(OR(D26>='Step 2-3 Avg Rate and Trig Calc'!M$62,'Step 2-3 Avg Rate and Trig Calc'!M$62=""),'Step 2-3 Avg Rate and Trig Calc'!L$60,IF(OR(D26>='Step 2-3 Avg Rate and Trig Calc'!N$62,'Step 2-3 Avg Rate and Trig Calc'!N$62=""),'Step 2-3 Avg Rate and Trig Calc'!M$60,IF(OR(D26>='Step 2-3 Avg Rate and Trig Calc'!O$62,'Step 2-3 Avg Rate and Trig Calc'!O$62=""),'Step 2-3 Avg Rate and Trig Calc'!N$60,'Step 2-3 Avg Rate and Trig Calc'!O$60))))))))))) -> A | F26: =IF(E26="A",'Step 2-3 Avg Rate and Trig Calc'!D$69,IF(E26="B",'Step 2-3 Avg Rate and Trig Calc'!E$69,IF(E26="C",'Step 2-3 Avg Rate and Trig Calc'!F$69,IF(E26="D",'Step 2-3 Avg Rate and Trig Calc'!G$69,IF(E26="E",'Step 2-3 Avg Rate and Trig Calc'!H$69,IF(E26="F",'Step 2-3 Avg Rate and Trig Calc'!I$69,IF(E26="G",'Step 2-3 Avg Rate and Trig Calc'!J$69,IF(E26="H",'Step 2-3 Avg Rate and Trig Calc'!K$69,IF(E26="I",'Step 2-3 Avg Rate and Trig Calc'!L$69,IF(E26="j",'Step 2-3 Avg Rate and Trig Calc'!M$69,IF(E26="K",'Step 2-3 Avg Rate and Trig Calc'!N$69,IF(E26="L",'Step 2-3 Avg Rate and Trig Calc'!O$69,"ERROR")))))))))))) -> 0.014 | G26: =G$19 -> 0.02 | H26: =C26+F26-G26 -> 0.041 | I26: =H26/'Step 2-3 Avg Rate and Trig Calc'!$K$54*'Base Rate Calculation'!$I$25 -> 1.0687333
B27: Year 9 | C27: =H26 -> 0.041 | D27: =I26 -> 1.0687333 | E27: =IF(D27>='Step 2-3 Avg Rate and Trig Calc'!E$62,'Step 2-3 Avg Rate and Trig Calc'!D$60,IF(D27>='Step 2-3 Avg Rate and Trig Calc'!F$62,'Step 2-3 Avg Rate and Trig Calc'!E$60,IF(OR(D27>='Step 2-3 Avg Rate and Trig Calc'!G$62,'Step 2-3 Avg Rate and Trig Calc'!G$62=""),'Step 2-3 Avg Rate and Trig Calc'!F$60,IF(OR(D27>='Step 2-3 Avg Rate and Trig Calc'!H$62,'Step 2-3 Avg Rate and Trig Calc'!H$62=""),'Step 2-3 Avg Rate and Trig Calc'!G$60,IF(OR(D27>='Step 2-3 Avg Rate and Trig Calc'!I$62,'Step 2-3 Avg Rate and Trig Calc'!I$62=""),'Step 2-3 Avg Rate and Trig Calc'!H$60,IF(OR(D27>='Step 2-3 Avg Rate and Trig Calc'!J$62,'Step 2-3 Avg Rate and Trig Calc'!J$62=""),'Step 2-3 Avg Rate and Trig Calc'!I$60,IF(OR(D27>='Step 2-3 Avg Rate and Trig Calc'!K$62,'Step 2-3 Avg Rate and Trig Calc'!K$62=""),'Step 2-3 Avg Rate and Trig Calc'!J$60,IF(OR(D27>='Step 2-3 Avg Rate and Trig Calc'!L$62,'Step 2-3 Avg Rate and Trig Calc'!L$62=""),'Step 2-3 Avg Rate and Trig Calc'!K$60,IF(OR(D27>='Step 2-3 Avg Rate and Trig Calc'!M$62,'Step 2-3 Avg Rate and Trig Calc'!M$62=""),'Step 2-3 Avg Rate and Trig Calc'!L$60,IF(OR(D27>='Step 2-3 Avg Rate and Trig Calc'!N$62,'Step 2-3 Avg Rate and Trig Calc'!N$62=""),'Step 2-3 Avg Rate and Trig Calc'!M$60,IF(OR(D27>='Step 2-3 Avg Rate and Trig Calc'!O$62,'Step 2-3 Avg Rate and Trig Calc'!O$62=""),'Step 2-3 Avg Rate and Trig Calc'!N$60,'Step 2-3 Avg Rate and Trig Calc'!O$60))))))))))) -> B | F27: =IF(E27="A",'Step 2-3 Avg Rate and Trig Calc'!D$69,IF(E27="B",'Step 2-3 Avg Rate and Trig Calc'!E$69,IF(E27="C",'Step 2-3 Avg Rate and Trig Calc'!F$69,IF(E27="D",'Step 2-3 Avg Rate and Trig Calc'!G$69,IF(E27="E",'Step 2-3 Avg Rate and Trig Calc'!H$69,IF(E27="F",'Step 2-3 Avg Rate and Trig Calc'!I$69,IF(E27="G",'Step 2-3 Avg Rate and Trig Calc'!J$69,IF(E27="H",'Step 2-3 Avg Rate and Trig Calc'!K$69,IF(E27="I",'Step 2-3 Avg Rate and Trig Calc'!L$69,IF(E27="j",'Step 2-3 Avg Rate and Trig Calc'!M$69,IF(E27="K",'Step 2-3 Avg Rate and Trig Calc'!N$69,IF(E27="L",'Step 2-3 Avg Rate and Trig Calc'!O$69,"ERROR")))))))))))) -> 0.0225 | G27: =G$19 -> 0.02 | H27: =C27+F27-G27 -> 0.0435 | I27: =H27/'Step 2-3 Avg Rate and Trig Calc'!$K$54*'Base Rate Calculation'!$I$25 -> 1.1339
B28: Year 10 | C28: =H27 -> 0.0435 | D28: =I27 -> 1.1339 | E28: =IF(D28>='Step 2-3 Avg Rate and Trig Calc'!E$62,'Step 2-3 Avg Rate and Trig Calc'!D$60,IF(D28>='Step 2-3 Avg Rate and Trig Calc'!F$62,'Step 2-3 Avg Rate and Trig Calc'!E$60,IF(OR(D28>='Step 2-3 Avg Rate and Trig Calc'!G$62,'Step 2-3 Avg Rate and Trig Calc'!G$62=""),'Step 2-3 Avg Rate and Trig Calc'!F$60,IF(OR(D28>='Step 2-3 Avg Rate and Trig Calc'!H$62,'Step 2-3 Avg Rate and Trig Calc'!H$62=""),'Step 2-3 Avg Rate and Trig Calc'!G$60,IF(OR(D28>='Step 2-3 Avg Rate and Trig Calc'!I$62,'Step 2-3 Avg Rate and Trig Calc'!I$62=""),'Step 2-3 Avg Rate and Trig Calc'!H$60,IF(OR(D28>='Step 2-3 Avg Rate and Trig Calc'!J$62,'Step 2-3 Avg Rate and Trig Calc'!J$62=""),'Step 2-3 Avg Rate and Trig Calc'!I$60,IF(OR(D28>='Step 2-3 Avg Rate and Trig Calc'!K$62,'Step 2-3 Avg Rate and Trig Calc'!K$62=""),'Step 2-3 Avg Rate and Trig Calc'!J$60,IF(OR(D28>='Step 2-3 Avg Rate and Trig Calc'!L$62,'Step 2-3 Avg Rate and Trig Calc'!L$62=""),'Step 2-3 Avg Rate and Trig Calc'!K$60,IF(OR(D28>='Step 2-3 Avg Rate and Trig Calc'!M$62,'Step 2-3 Avg Rate and Trig Calc'!M$62=""),'Step 2-3 Avg Rate and Trig Calc'!L$60,IF(OR(D28>='Step 2-3 Avg Rate and Trig Calc'!N$62,'Step 2-3 Avg Rate and Trig Calc'!N$62=""),'Step 2-3 Avg Rate and Trig Calc'!M$60,IF(OR(D28>='Step 2-3 Avg Rate and Trig Calc'!O$62,'Step 2-3 Avg Rate and Trig Calc'!O$62=""),'Step 2-3 Avg Rate and Trig Calc'!N$60,'Step 2-3 Avg Rate and Trig Calc'!O$60))))))))))) -> B | F28: =IF(E28="A",'Step 2-3 Avg Rate and Trig Calc'!D$69,IF(E28="B",'Step 2-3 Avg Rate and Trig Calc'!E$69,IF(E28="C",'Step 2-3 Avg Rate and Trig Calc'!F$69,IF(E28="D",'Step 2-3 Avg Rate and Trig Calc'!G$69,IF(E28="E",'Step 2-3 Avg Rate and Trig Calc'!H$69,IF(E28="F",'Step 2-3 Avg Rate and Trig Calc'!I$69,IF(E28="G",'Step 2-3 Avg Rate and Trig Calc'!J$69,IF(E28="H",'Step 2-3 Avg Rate and Trig Calc'!K$69,IF(E28="I",'Step 2-3 Avg Rate and Trig Calc'!L$69,IF(E28="j",'Step 2-3 Avg Rate and Trig Calc'!M$69,IF(E28="K",'Step 2-3 Avg Rate and Trig Calc'!N$69,IF(E28="L",'Step 2-3 Avg Rate and Trig Calc'!O$69,"ERROR")))))))))))) -> 0.0225 | G28: =G$19 -> 0.02 | H28: =C28+F28-G28 -> 0.046 | I28: =H28/'Step 2-3 Avg Rate and Trig Calc'!$K$54*'Base Rate Calculation'!$I$25 -> 1.1990667
B30: Number of Years to Reach Target Balance Range from Starting AHCM: | K30: =IF(AND(I18<'Step 2-3 Avg Rate and Trig Calc'!G17,I19>='Step 2-3 Avg Rate and Trig Calc'!G17),1,IF(AND(I19<'Step 2-3 Avg Rate and Trig Calc'!G17,I20>='Step 2-3 Avg Rate and Trig Calc'!G17),2,IF(AND(I20<'Step 2-3 Avg Rate and Trig Calc'!G17,I21>='Step 2-3 Avg Rate and Trig Calc'!G17),3,IF(AND(I21<'Step 2-3 Avg Rate and Trig Calc'!G17,I22>='Step 2-3 Avg Rate and Trig Calc'!G17),4,IF(AND(I22<'Step 2-3 Avg Rate and Trig Calc'!G17,I23>='Step 2-3 Avg Rate and Trig Calc'!G17),5,IF(AND(I23<'Step 2-3 Avg Rate and Trig Calc'!G17,I24>='Step 2-3 Avg Rate and Trig Calc'!G17),6,IF(AND(I24<'Step 2-3 Avg Rate and Trig Calc'!G17,I25>='Step 2-3 Avg Rate and Trig Calc'!G17),7,IF(AND(I25<'Step 2-3 Avg Rate and Trig Calc'!G17,I26>='Step 2-3 Avg Rate and Trig Calc'!G17),8,IF(AND(I26<'Step 2-3 Avg Rate and Trig Calc'!G17,I27>='Step 2-3 Avg Rate and Trig Calc'!G17),9,IF(AND(I27<'Step 2-3 Avg Rate and Trig Calc'!G17,I28>='Step 2-3 Avg Rate and Trig Calc'!G17),10,IF(I28<'Step 2-3 Avg Rate and Trig Calc'!G17,">10", ERROR))))))))))) -> 5

Sheet AFR Calculator
A1: STATE ADEQUATE FINANCING RATE CALCULATOR
B4: INPUTS:
G5: STATE:
G7: YEAR OF AFR CALCULATION:
G9: NUMBER OF YEARS OF
G10: BENEFITS TO USE FOR AFR:
G12: DESIRED LEVEL OF TRUST FUND SOLVENCY: | I12: 1 | J12: =IF(OR(AND(I12>=0.5,I12<=3),I12=""),"","ERROR")
G13: **(0.5 to 3.0 AHCM)**
G15: MAXIMUM LEVEL OF TRUST FUND SOLVENCY: | I15: 1.5 | J15: =IF(OR(I15<=I12,I15<0.5,I15>3),"ERROR",IF(J12="ERROR","ERROR",""))
E16: ="**("&$I$12 -> **(1 | F16: to 3.0 AHCM)**
G19: ADEQUATE FINANCING RATE: | I19: =IF(OR(J12="ERROR",J15="ERROR"),"ERROR",'AFR Calculation'!M19) -> 0.012094512 | J19: =" of Taxable Wages for "&'AFR Calculation'!I3 -> of Taxable Wages for 2016

Sheet AFR DATA
A1: Year | B1: State | C1: Total Wages in CE | D1: Taxable Wages in CE | E1: Contributions | F1: Total Benefits Paid (000) | G1: Ratio (Bens/TotalWages) | H1: Reserves as of Dec 31 | I1: Loans | J1: TF | K1: Avg. Employer Tax Rate as % of Tax Wages | L1: AHCR
A2: 1980 | B2: AK | C2: 2696087299 | D2: 1345889948 | E2: 65341809 | F2: 44134 | G2: =F2/C2 -> 1.6369648e-05 | H2: 92356 | I2: 0 | J2: =H2-I2 -> 92356 | K2: 4.85 | L2: 3.37
A3: 1981 | B3: AK | C3: 3296363642 | D3: 1811372495 | E3: 75504409 | F3: 58093 | G3: =F3/C3 -> 1.7623359e-05 | H3: 111654 | I3: 0 | J3: =H3-I3 -> 111654 | K3: 4.17 | L3: 3.22
A4: 1982 | B4: AK | C4: 3904635534 | D4: 2211310256 | E4: 88161533 | F4: 71159 | G4: =F4/C4 -> 1.8224236e-05 | H4: 133984 | I4: 0 | J4: =H4-I4 -> 133984 | K4: 3.99 | L4: 3.16
A5: 1983 | B5: AK | C5: 4295492365 | D5: 2819398124 | E5: 85266800 | F5: 81720 | G5: =F5/C5 -> 1.9024594e-05 | H5: 145083 | I5: 0 | J5: =H5-I5 -> 145083 | K5: 3.02 | L5: 3.16
A6: 1984 | B6: AK | C6: 4458579168 | D6: 3021792258 | E6: 97101362 | F6: 87617 | G6: =F6/C6 -> 1.9651328e-05 | H6: 165811 | I6: 0 | J6: =H6-I6 -> 165811 | K6: 3.21 | L6: 3.16
A7: 1985 | B7: AK | C7: 4443506166 | D7: 3025289198 | E7: 84516045 | F7: 109486 | G7: =F7/C7 -> 2.4639552e-05 | H7: 152553 | I7: 0 | J7: =H7-I7 -> 152553 | K7: 2.79 | L7: 3.25
A8: 1986 | B8: AK | C8: 4059991635 | D8: 2766488143 | E8: 79079441 | F8: 137850 | G8: =F8/C8 -> 3.3953272e-05 | H8: 91357 | I8: 0 | J8: =H8-I8 -> 91357 | K8: 2.86 | L8: 3.61
A9: 1987 | B9: AK | C9: 3723245124 | D9: 2517828929 | E9: 87239361 | F9: 110313 | G9: =F9/C9 -> 2.9628186e-05 | H9: 65399 | I9: 0 | J9: =H9-I9 -> 65399 | K9: 3.46 | L9: 3.61
A10: 1988 | B10: AK | C10: 3824040603 | D10: 2551897198 | E10: 112629815 | F10: 81665 | G10: =F10/C10 -> 2.1355683e-05 | H10: 95237 | I10: 0 | J10: =H10-I10 -> 95237 | K10: 4.41 | L10: 3.61
A11: 1989 | B11: AK | C11: 4454982116 | D11: 2966717522 | E11: 147571825 | F11: 68011 | G11: =F11/C11 -> 1.5266279e-05 | H11: 179973 | I11: 0 | J11: =H11-I11 -> 179973 | K11: 4.97 | L11: 3.61
A12: 1990 | B12: AK | C12: 4694293635 | D12: 3039461188 | E12: 126365131 | F12: 87941 | G12: =F12/C12 -> 1.8733596e-05 | H12: 232676 | I12: 0 | J12: =H12-I12 -> 232676 | K12: 4.16 | L12: 3.61
A13: 1991 | B13: AK | C13: 4879707980 | D13: 3184120443 | E13: 100134839 | F13: 107992 | G13: =F13/C13 -> 2.2130833e-05 | H13: 243155 | I13: 0 | J13: =H13-I13 -> 243155 | K13: 3.14 | L13: 3.61
... A1405: 2015 | B1405: PA | C1405: 225176368000 | D1405: 45529541000 | E1405: 2926906000 | F1405: 1993415 | G1405: =F1405/C1405 -> 8.852683e-06 | H1405: 966815 | I1405: 0 | J1405: =H1405-I1405 -> 966815 | K1405: 6.1 | L1405: 2.04
A1406: 1980 | B1406: PR | C1406: 4141317214 | D1406: 4141317214 | E1406: 122215689 | F1406: 83677 | G1406: =F1406/C1406 -> 2.0205407e-05 | H1406: 54387 | I1406: 88700 | J1406: =H1406-I1406 -> -34313 | K1406: 2.95 | L1406: #N/A
A1407: 1981 | B1407: PR | C1407: 4350521939 | D1407: 4349923486 | E1407: 128265458 | F1407: 117171 | G1407: =F1407/C1407 -> 2.6932631e-05 | H1407: 57088 | I1407: 80838 | J1407: =H1407-I1407 -> -23750 | K1407: 2.95 | L1407: #N/A
A1408: 1982 | B1408: PR | C1408: 4239565187 | D1408: 4239298933 | E1408: 125000172 | F1408: 135499 | G1408: =F1408/C1408 -> 3.1960589e-05 | H1408: 18762 | I1408: 65619 | J1408: =H1408-I1408 -> -46857 | K1408: 2.95 | L1408: #N/A
A1409: 1983 | B1409: PR | C1409: 4487469306 | D1409: 4487469306 | E1409: 132335771 | F1409: 93971 | G1409: =F1409/C1409 -> 2.0940756e-05 | H1409: 33932 | I1409: 51113 | J1409: =H1409-I1409 -> -17181 | K1409: 2.95 | L1409: #N/A
A1410: 1984 | B1410: PR | C1410: 4947944043 | D1410: 4947944043 | E1410: 145877547 | F1410: 80514 | G1410: =F1410/C1410 -> 1.6272213e-05 | H1410: 81443 | I1410: 35757 | J1410: =H1410-I1410 -> 45686 | K1410: 2.95 | L1410: 3.99
A1411: 1985 | B1411: PR | C1411: 5030015328 | D1411: 3419153890 | E1411: 183009418 | F1411: 105132 | G1411: =F1411/C1411 -> 2.090093e-05 | H1411: 134137 | I1411: 19216 | J1411: =H1411-I1411 -> 114921 | K1411: 5.35 | L1411: 3.99
A1412: 1986 | B1412: PR | C1412: 5468938256 | D1412: 3214659849 | E1412: 171779822 | F1412: 97108 | G1412: =F1412/C1412 -> 1.775628e-05 | H1412: 190151 | I1412: 0 | J1412: =H1412-I1412 -> 190151 | K1412: 5.34 | L1412: 3.99
A1413: 1987 | B1413: PR | C1413: 5964058907 | D1413: 3444758205 | E1413: 184166036 | F1413: 89350 | G1413: =F1413/C1413 -> 1.4981408e-05 | H1413: 294967 | I1413: 0 | J1413: =H1413-I1413 -> 294967 | K1413: 5.35 | L1413: 3.99
A1414: 1988 | B1414: PR | C1414: 6573587944 | D1414: 3723838557 | E1414: 199178778 | F1414: 93403 | G1414: =F1414/C1414 -> 1.4208831e-05 | H1414: 430500 | I1414: 0 | J1414: =H1414-I1414 -> 430500 | K1414: 5.35 | L1414: 3.99
A1415: 1989 | B1415: PR | C1415: 7040280873 | D1415: 3859082488 | E1415: 206476264 | F1415: 112678 | G1415: =F1415/C1415 -> 1.6004759e-05 | H1415: 563646 | I1415: 0 | J1415: =H1415-I1415 -> 563646 | K1415: 5.35 | L1415: 3.99
A1416: 1990 | B1416: PR | C1416: 7494485325 | D1416: 3963645631 | E1416: 205704518 | F1416: 134451 | G1416: =F1416/C1416 -> 1.7939991e-05 | H1416: 674846 | I1416: 0 | J1416: =H1416-I1416 -> 674846 | K1416: 5.19 | L1416: 3.99
A1417: 1991 | B1417: PR | C1417: 7783679911 | D1417: 3956934274 | E1417: 205074256 | F1417: 169999 | G1417: =F1417/C1417 -> 2.1840441e-05 | H1417: 750020 | I1417: 0 | J1417: =H1417-I1417 -> 750020 | K1417: 5.18 | L1417: 3.99
A1418: 1992 | B1418: PR | C1418: 8278959925 | D1418: 4082458955 | E1418: 124854619 | F1418: 182906 | G1418: =F1418/C1418 -> 2.2092872e-05 | H1418: 749255 | I1418: 0 | J1418: =H1418-I1418 -> 749255 | K1418: 3.06 | L1418: 3.99
A1419: 1993 | B1419: PR | C1419: 8708549039 | D1419: 4210152554 | E1419: 124227166 | F1419: 211678 | G1419: =F1419/C1419 -> 2.4306919e-05 | H1419: 730873 | I1419: 0 | J1419: =H1419-I1419 -> 730873 | K1419: 2.95 | L1419: 3.99
A1420: 1994 | B1420: PR | C1420: 8914172992 | D1420: 4305392982 | E1420: 134601088 | F1420: 230754 | G1420: =F1420/C1420 -> 2.5886193e-05 | H1420: 674663 | I1420: 0 | J1420: =H1420-I1420 -> 674663 | K1420: 3.13 | L1420: 3.99
A1421: 1995 | B1421: PR | C1421: 9452821937 | D1421: 4469551170 | E1421: 143719827 | F1421: 220954 | G1421: =F1421/C1421 -> 2.3374396e-05 | H1421: 634291 | I1421: 0 | J1421: =H1421-I1421 -> 634291 | K1421: 3.22 | L1421: 3.66
... A1693: 2015 | B1693: VA | C1693: 156764355000 | D1693: 28216511000 | E1693: 661471000 | F1693: 375787 | G1693: =F1693/C1693 -> 2.3971457e-06 | H1693: 769647 | I1693: 0 | J1693: =H1693-I1693 -> 769647 | K1693: 2.3 | L1693: 0.73
A1694: 1980 | B1694: VI | C1694: 266974408 | D1694: 144957019 | E1694: 5350778 | F1694: 3050 | G1694: =F1694/C1694 -> 1.1424316e-05 | H1694: 2166 | I1694: 7405 | J1694: =H1694-I1694 -> -5239 | K1694: 3.69 | L1694: #N/A
A1695: 1981 | B1695: VI | C1695: 295209013 | D1695: 159226385 | E1695: 5878937 | F1695: 4520 | G1695: =F1695/C1695 -> 1.5311186e-05 | H1695: 1337 | I1695: 4172 | J1695: =H1695-I1695 -> -2835 | K1695: 3.69 | L1695: #N/A
A1696: 1982 | B1696: VI | C1696: 309401013 | D1696: 184587162 | E1696: 5806077 | F1696: 6528 | G1696: =F1696/C1696 -> 2.1098832e-05 | H1696: 30 | I1696: 2920 | J1696: =H1696-I1696 -> -2890 | K1696: 3.15 | L1696: #N/A
A1697: 1983 | B1697: VI | C1697: 303355005 | D1697: 183230653 | E1697: 6229880 | F1697: 0 | G1697: =F1697/C1697 -> 0 | H1697: 0 | I1697: 4405 | J1697: =H1697-I1697 -> -4405 | K1697: 3.4 | L1697: #N/A
A1698: 1984 | B1698: VI | C1698: 319489270 | D1698: 186728453 | E1698: 6348745 | F1698: 7276 | G1698: =F1698/C1698 -> 2.2773848e-05 | H1698: 32 | I1698: 4140 | J1698: =H1698-I1698 -> -4108 | K1698: 3.4 | L1698: #N/A
A1699: 1985 | B1699: VI | C1699: 321390271 | D1699: 246244238 | E1699: 11349527 | F1699: 5181 | G1699: =F1699/C1699 -> 1.6120588e-05 | H1699: 5192 | I1699: 3129 | J1699: =H1699-I1699 -> 2063 | K1699: 4.61 | L1699: #N/A
A1700: 1986 | B1700: VI | C1700: 343709403 | D1700: 267508889 | E1700: 9211499 | F1700: 3644 | G1700: =F1700/C1700 -> 1.0601979e-05 | H1700: 9628 | I1700: 0 | J1700: =H1700-I1700 -> 9628 | K1700: 3.44 | L1700: #N/A
A1701: 1987 | B1701: VI | C1701: 397367067 | D1701: 300099474 | E1701: 7752750 | F1701: 1681 | G1701: =F1701/C1701 -> 4.2303455e-06 | H1701: 16720 | I1701: 0 | J1701: =H1701-I1701 -> 16720 | K1701: 2.58 | L1701: #N/A
A1702: 1988 | B1702: VI | C1702: 433466101 | D1702: 322973857 | E1702: 7218927 | F1702: 2464 | G1702: =F1702/C1702 -> 5.6844122e-06 | H1702: 23198 | I1702: 0 | J1702: =H1702-I1702 -> 23198 | K1702: 2.24 | L1702: #N/A
A1703: 1989 | B1703: VI | C1703: 465862504 | D1703: 363811972 | E1703: 8022864 | F1703: 2965 | G1703: =F1703/C1703 -> 6.3645388e-06 | H1703: 28353 | I1703: 0 | J1703: =H1703-I1703 -> 28353 | K1703: 2.21 | L1703: #N/A
A1704: 1990 | B1704: VI | C1704: 550237676 | D1704: 413113731 | E1704: 10539067 | F1704: 1535 | G1704: =F1704/C1704 -> 2.7897036e-06 | H1704: 37672 | I1704: 0 | J1704: =H1704-I1704 -> 37672 | K1704: 2.55 | L1704: #N/A
A1705: 1991 | B1705: VI | C1705: 591696869 | D1705: 452907770 | E1705: 7701992 | F1705: 3372 | G1705: =F1705/C1705 -> 5.698864e-06 | H1705: 43241 | I1705: 0 | J1705: =H1705-I1705 -> 43241 | K1705: 1.7 | L1705: #N/A
... A1710: 1996 | B1710: VI | C1710: 595445099 | D1710: 351721210 | E1710: 9872623 | F1710: 7462 | G1710: =F1710/C1710 -> 1.2531802e-05 | H1710: 42069 | I1710: 0 | J1710: =H1710-I1710 -> 42069 | K1710: 2.83 | L1710: #N/A
A1711: 1997 | B1711: VI | C1711: 636015050 | D1711: 357237011 | E1711: 8688366 | F1711: 5724 | G1711: =F1711/C1711 -> 8.999787e-06 | H1711: 45434 | I1711: 0 | J1711: =H1711-I1711 -> 45434 | K1711: 2.81 | L1711: 2.45
A1712: 1998 | B1712: VI | C1712: 627560560 | D1712: 364675936 | E1712: 5890465 | F1712: 4112 | G1712: =F1712/C1712 -> 6.5523557e-06 | H1712: 48326 | I1712: 0 | J1712: =H1712-I1712 -> 48326 | K1712: 1.62 | L1712: 2.45
A1713: 1999 | B1713: VI | C1713: 640299273 | D1713: 370678332 | E1713: 6148033 | F1713: 3220 | G1713: =F1713/C1713 -> 5.0288984e-06 | H1713: 51786 | I1713: 0 | J1713: =H1713-I1713 -> 51786 | K1713: 1.59 | L1713: 2.45
A1714: 2000 | B1714: VI | C1714: 726142677 | D1714: 421590583 | E1714: 10727998 | F1714: 2367 | G1714: =F1714/C1714 -> 3.25969e-06 | H1714: 58671 | I1714: 0 | J1714: =H1714-I1714 -> 58671 | K1714: 2.54 | L1714: 2.45
A1715: 2001 | B1715: VI | C1715: 863709317 | D1715: 486569102 | E1715: 12920994 | F1715: 5758 | G1715: =F1715/C1715 -> 6.6665948e-06 | H1715: 64119 | I1715: 0 | J1715: =H1715-I1715 -> 64119 | K1715: 2.65 | L1715: 2.45
A1716: 2002 | B1716: VI | C1716: 821650419 | D1716: 477726133 | E1716: 1302799 | F1716: 19003 | G1716: =F1716/C1716 -> 2.3127841e-05 | H1716: 52566 | I1716: 0 | J1716: =H1716-I1716 -> 52566 | K1716: 0.27 | L1716: 2.5
A1717: 2003 | B1717: VI | C1717: 785068337 | D1717: 454722576 | E1717: 904757 | F1717: 16382 | G1717: =F1717/C1717 -> 2.0866973e-05 | H1717: 36462 | I1717: 0 | J1717: =H1717-I1717 -> 36462 | K1717: 0.2 | L1717: 2.5
A1718: 2004 | B1718: VI | C1718: 880909221 | D1718: 499228606 | E1718: 968334 | F1718: 4076 | G1718: =F1718/C1718 -> 4.6270375e-06 | H1718: 36012 | I1718: 0 | J1718: =H1718-I1718 -> 36012 | K1718: 0.2 | L1718: 2.5
A1719: 2005 | B1719: VI | C1719: 986659894 | D1719: 555469583 | E1719: 1742974 | F1719: 5667 | G1719: =F1719/C1719 -> 5.7436205e-06 | H1719: 32277 | I1719: 0 | J1719: =H1719-I1719 -> 32277 | K1719: 0.31 | L1719: 2.5
A1720: 2006 | B1720: VI | C1720: 1030099975 | D1720: 587061184 | E1720: 1640681 | F1720: 4968 | G1720: =F1720/C1720 -> 4.8228329e-06 | H1720: 29396 | I1720: 0 | J1720: =H1720-I1720 -> 29396 | K1720: 0.28 | L1720: 2.5
A1721: 2007 | B1721: VI | C1721: 1110200735 | D1721: 614657549 | E1721: 1227975 | F1721: 8791 | G1721: =F1721/C1721 -> 7.9183878e-06 | H1721: 22287 | I1721: 0 | J1721: =H1721-I1721 -> 22287 | K1721: 0.2 | L1721: 2.5
A1722: 2008 | B1722: VI | C1722: 1111636369 | D1722: 632367178 | E1722: 978630 | F1722: 12388 | G1722: =F1722/C1722 -> 1.1143932e-05 | H1722: 11499 | I1722: 0 | J1722: =H1722-I1722 -> 11499 | K1722: 0.2 | L1722: 2.5
... A1909: 2015 | B1909: WY | C1909: 9781295000 | D1909: 4920844000 | E1909: 71708000 | F1909: 86397 | G1909: =F1909/C1909 -> 8.8328795e-06 | H1909: 345994 | I1909: 0 | J1909: =H1909-I1909 -> 345994 | K1909: 1.4 | L1909: 1.46

Sheet AFR Calculation
A1: 1 | B1: AK | C1: ALASKA | D1: 1 | E1: 2000 | F1: 1 | G1: 5 | H1: CHOICE: | I1: 53 | J1: 6 | K1: 17
A2: 2 | B2: AL | C2: ALABAMA | D2: 2 | E2: 2001 | F2: 2 | G2: 6 | H2: STATE: | I2: {=INDEX($B$1:$B$53,MATCH($I$1,$A$1:$A$53,0))} -> WY
A3: 3 | B3: AR | C3: ARKANSAS | D3: 3 | E3: 2002 | F3: 3 | G3: 7 | H3: YR: | I3: {=INDEX($E$1:$E$17,MATCH($K$1,$D$1:$D$26,0))} -> 2016
A4: 4 | B4: AZ | C4: ARIZONA | D4: 4 | E4: 2003 | F4: 4 | G4: 8 | H4: YRS: | I4: {=INDEX($G$1:$G$17,MATCH(J1,$F$1:$F$17,0))} -> 10 | J4: =I3-I4 -> 2006
A5: 5 | B5: CA | C5: CALIFORNIA | D5: 5 | E5: 2004 | F5: 5 | G5: 9 | H5: LVL: | I5: ='AFR Calculator'!I12 -> 1
A6: 6 | B6: CO | C6: COLORADO | D6: 6 | E6: 2005 | F6: 6 | G6: 10 | H6: MAX LVL: | I6: ='AFR Calculator'!I15 -> 1.5
A7: 7 | B7: CT | C7: CONNECTICUT | D7: 7 | E7: 2006 | F7: 7 | G7: 11
A8: 8 | B8: DC | C8: DISTRICT OF COLUMBIA | D8: 8 | E8: 2007 | F8: 8 | G8: 12 | H8: CALCULATION: | N8: AHCM:
A9: 9 | B9: DE | C9: DELAWARE | D9: 9 | E9: 2008 | F9: 9 | G9: 13 | L9: ="RR ("&(I3-1)&"):" -> RR (2015): | M9: =M15/M12*100 -> 3.5373026 | N9: =M9/M10 -> 2.42281
A10: 10 | B10: FL | C10: FLORIDA | D10: 10 | E10: 2009 | F10: 10 | G10: 14 | H10: SUM BENS: | I10: {=SUMIFS('AFR DATA'!$F$2:$F$1856,'AFR DATA'!$B$2:$B$1856,"="&'AFR Calculation'!$I$2,'AFR DATA'!$A$2:$A$1856,"<"&'AFR Calculation'!$I$3,'AFR DATA'!$A$2:$A$1856,">="&'AFR Calculation'!$J$4)} -> 0 | L10: ="AHCR ("&(I3-1)&"):" -> AHCR (2015): | M10: {=INDEX('AFR DATA'!$L$2:$L$1909,MATCH('AFR Calculation'!$I$2&('AFR Calculation'!$I$3-1),'AFR DATA'!$B$2:$B$1909&'AFR DATA'!$A$2:$A$1909,0))} -> 1.46
A11: 11 | B11: GA | C11: GEORGIA | D11: 11 | E11: 2010 | F11: 11 | G11: 15 | H11: SUM TAX WAGES (000): | I11: {=SUMIFS('AFR DATA'!$D$2:$D$1856,'AFR DATA'!$B$2:$B$1856,"="&'AFR Calculation'!$I$2,'AFR DATA'!$A$2:$A$1856,"<"&'AFR Calculation'!$I$3,'AFR DATA'!$A$2:$A$1856,">="&'AFR Calculation'!$J$4)/1000} -> 0 | L11: ="TAX WAGES (000) ("&(I3-1)&"):" -> TAX WAGES (000) (2015): | M11: {=INDEX('AFR DATA'!$D$2:$D$1909,MATCH('AFR Calculation'!$I$2&('AFR Calculation'!$I$3-1),'AFR DATA'!$B$2:$B$1909&'AFR DATA'!$A$2:$A$1909,0))/1000} -> 4920844
A12: 12 | B12: HI | C12: HAWAII | D12: 12 | E12: 2011 | F12: 12 | G12: 16 | H12: BCR (Taxable Wages): | I12: =((SUMIFS('AFR DATA'!$G$2:$G$1909,'AFR DATA'!$B$2:$B$1909,"="&'AFR Calculation'!$I$2,'AFR DATA'!$A$2:$A$1909,"<"&'AFR Calculation'!$I$3,'AFR DATA'!$A$2:$A$1909,">="&'AFR Calculation'!$J$4)/$I$4)*1000)*M12/M11 -> 0.017450652 | L12: ="TOT WAGES (000) ("&(I3-1)&"):" -> TOT WAGES (000) (2015): | M12: {=INDEX('AFR DATA'!$C$2:$C$1909,MATCH('AFR Calculation'!$I$2&('AFR Calculation'!$I$3-1),'AFR DATA'!$B$2:$B$1909&'AFR DATA'!$A$2:$A$1909,0))/1000} -> 9781295
A13: 13 | B13: IA | C13: IOWA | D13: 13 | E13: 2012 | F13: 13 | G13: 17 | H13: BEN RATE: | I13: =I12 -> 0.017450652 | L13: ="CONTRIBUTIONS (000) ("&(I3-1)&"):" -> CONTRIBUTIONS (000) (2015): | M13: {=INDEX('AFR DATA'!$E$2:$E$1909,MATCH('AFR Calculation'!$I$2&('AFR Calculation'!$I$3-1),'AFR DATA'!$B$2:$B$1909&'AFR DATA'!$A$2:$A$1909,0))/1000} -> 71708
A14: 14 | B14: ID | C14: IDAHO | D14: 14 | E14: 2013 | F14: 14 | G14: 18 | H14: SOLVENCY RATE: | I14: =+IF((N14-M15)>0,MAX((((N14-M15)/5)/(M11)),0.001),IF((N16-M15)<0,(N16-M15)/5)/(M11)) -> -0.0053561397 | L14: ="TF NEEDED FOR "&I5&" AHCM:" -> TF NEEDED FOR 1 AHCM: | M14: =+(M10/100)*M11*I5 -> 71844.322 | N14: =+(M10/100)*M12*I5 -> 142806.91
A15: 15 | B15: IL | C15: ILLINOIS | D15: 15 | E15: 2014 | F15: 15 | G15: 19 | H15: SOLVENCY RATE (%): | I15: =I14 -> -0.0053561397 | L15: ="TF BAL ("&(I3-1)&"):" -> TF BAL (2015): | M15: {=INDEX('AFR DATA'!$J$2:$J$1909,MATCH('AFR Calculation'!$I$2&('AFR Calculation'!$I$3-1),'AFR DATA'!$B$2:$B$1909&'AFR DATA'!$A$2:$A$1909,0))} -> 345994
A16: 16 | B16: IN | C16: INDIANA | D16: 16 | E16: 2015 | F16: 16 | G16: 20 | L16: ="UPPER LIMIT AHCM ("&(I3-1)&"):" -> UPPER LIMIT AHCM (2015): | M16: =I6*(M10/100)*M11 -> 107766.48 | N16: =I6*(M10/100)*M12 -> 214210.36
A17: 17 | B17: KS | C17: KANSAS | D17: 17 | E17: 2016 | F17: 17 | G17: 21 | L17: ATR: | M17: =M13/M11 -> 0.014572297
A18: 18 | B18: KY | C18: KENTUCKY
A19: 19 | B19: LA | C19: LOUISIANA | L19: AFR: | M19: =MIN((I13+I15),((1+200%)*M17)) -> 0.012094512
A20: 20 | B20: MA | C20: MASSACHUSETTS
A21: 21 | B21: MD | C21: MARYLAND
A22: 22 | B22: ME | C22: MAINE
A23: 23 | B23: MI | C23: MICHIGAN
A24: 24 | B24: MN | C24: MINNESOTA
A25: 25 | B25: MO | C25: MISSOURI
A26: 26 | B26: MS | C26: MISSISSIPPI
A27: 27 | B27: MT | C27: MONTANA
A28: 28 | B28: NC | C28: NORTH CAROLINA
A29: 29 | B29: ND | C29: NORTH DAKOTA
A30: 30 | B30: NE | C30: NEBRASKA
A31: 31 | B31: NH | C31: NEW HAMPSHIRE
... A53: 53 | B53: WY | C53: WYOMING

Sheet Base Rate Data
A1: Year | B1: State | C1: Total Wages in CE | D1: Taxable Wages in CE | E1: Contributions | F1: Total Benefits Paid (000) | G1: Ratio (Bens/TotalWages) | H1: Ratio (Bens/TaxWages) | I1: Reserves as of Dec 31 | J1: Loans | K1: TF | L1: Avg. Employer Tax Rate as % of Tax Wages | M1: AHCR
A2: 1980 | B2: AK | C2: 2696087299 | D2: 1345889948 | E2: 65341809 | F2: 44134 | G2: =F2/C2 -> 1.6369648e-05 | H2: =F2/D2 -> 3.2791686e-05 | I2: 92356 | J2: 0 | K2: =I2-J2 -> 92356 | L2: 4.85 | M2: 3.37
A3: 1981 | B3: AK | C3: 3296363642 | D3: 1811372495 | E3: 75504409 | F3: 58093 | G3: =F3/C3 -> 1.7623359e-05 | H3: =F3/D3 -> 3.2071261e-05 | I3: 111654 | J3: 0 | K3: =I3-J3 -> 111654 | L3: 4.17 | M3: 3.22
A4: 1982 | B4: AK | C4: 3904635534 | D4: 2211310256 | E4: 88161533 | F4: 71159 | G4: =F4/C4 -> 1.8224236e-05 | H4: =F4/D4 -> 3.2179564e-05 | I4: 133984 | J4: 0 | K4: =I4-J4 -> 133984 | L4: 3.99 | M4: 3.16
A5: 1983 | B5: AK | C5: 4295492365 | D5: 2819398124 | E5: 85266800 | F5: 81720 | G5: =F5/C5 -> 1.9024594e-05 | H5: =F5/D5 -> 2.898491e-05 | I5: 145083 | J5: 0 | K5: =I5-J5 -> 145083 | L5: 3.02 | M5: 3.16
A6: 1984 | B6: AK | C6: 4458579168 | D6: 3021792258 | E6: 97101362 | F6: 87617 | G6: =F6/C6 -> 1.9651328e-05 | H6: =F6/D6 -> 2.8995044e-05 | I6: 165811 | J6: 0 | K6: =I6-J6 -> 165811 | L6: 3.21 | M6: 3.16
A7: 1985 | B7: AK | C7: 4443506166 | D7: 3025289198 | E7: 84516045 | F7: 109486 | G7: =F7/C7 -> 2.4639552e-05 | H7: =F7/D7 -> 3.6190259e-05 | I7: 152553 | J7: 0 | K7: =I7-J7 -> 152553 | L7: 2.79 | M7: 3.25
A8: 1986 | B8: AK | C8: 4059991635 | D8: 2766488143 | E8: 79079441 | F8: 137850 | G8: =F8/C8 -> 3.3953272e-05 | H8: =F8/D8 -> 4.9828516e-05 | I8: 91357 | J8: 0 | K8: =I8-J8 -> 91357 | L8: 2.86 | M8: 3.61
A9: 1987 | B9: AK | C9: 3723245124 | D9: 2517828929 | E9: 87239361 | F9: 110313 | G9: =F9/C9 -> 2.9628186e-05 | H9: =F9/D9 -> 4.3812746e-05 | I9: 65399 | J9: 0 | K9: =I9-J9 -> 65399 | L9: 3.46 | M9: 3.61
A10: 1988 | B10: AK | C10: 3824040603 | D10: 2551897198 | E10: 112629815 | F10: 81665 | G10: =F10/C10 -> 2.1355683e-05 | H10: =F10/D10 -> 3.2001681e-05 | I10: 95237 | J10: 0 | K10: =I10-J10 -> 95237 | L10: 4.41 | M10: 3.61
A11: 1989 | B11: AK | C11: 4454982116 | D11: 2966717522 | E11: 147571825 | F11: 68011 | G11: =F11/C11 -> 1.5266279e-05 | H11: =F11/D11 -> 2.2924663e-05 | I11: 179973 | J11: 0 | K11: =I11-J11 -> 179973 | L11: 4.97 | M11: 3.61
A12: 1990 | B12: AK | C12: 4694293635 | D12: 3039461188 | E12: 126365131 | F12: 87941 | G12: =F12/C12 -> 1.8733596e-05 | H12: =F12/D12 -> 2.8933089e-05 | I12: 232676 | J12: 0 | K12: =I12-J12 -> 232676 | L12: 4.16 | M12: 3.61
A13: 1991 | B13: AK | C13: 4879707980 | D13: 3184120443 | E13: 100134839 | F13: 107992 | G13: =F13/C13 -> 2.2130833e-05 | H13: =F13/D13 -> 3.3915802e-05 | I13: 243155 | J13: 0 | K13: =I13-J13 -> 243155 | L13: 3.14 | M13: 3.61
... A1405: 2015 | B1405: PA | C1405: 225176368000 | D1405: 45529541000 | E1405: 2926906000 | F1405: 1993415 | G1405: =F1405/C1405 -> 8.852683e-06 | H1405: =F1405/D1405 -> 4.3782893e-05 | I1405: 966815 | J1405: 0 | K1405: =I1405-J1405 -> 966815 | L1405: 6.1 | M1405: 2.04
A1406: 1980 | B1406: PR | C1406: 4141317214 | D1406: 4141317214 | E1406: 122215689 | F1406: 83677 | G1406: =F1406/C1406 -> 2.0205407e-05 | H1406: =F1406/D1406 -> 2.0205407e-05 | I1406: 54387 | J1406: 88700 | K1406: =I1406-J1406 -> -34313 | L1406: 2.95 | M1406: #N/A
A1407: 1981 | B1407: PR | C1407: 4350521939 | D1407: 4349923486 | E1407: 128265458 | F1407: 117171 | G1407: =F1407/C1407 -> 2.6932631e-05 | H1407: =F1407/D1407 -> 2.6936336e-05 | I1407: 57088 | J1407: 80838 | K1407: =I1407-J1407 -> -23750 | L1407: 2.95 | M1407: #N/A
A1408: 1982 | B1408: PR | C1408: 4239565187 | D1408: 4239298933 | E1408: 125000172 | F1408: 135499 | G1408: =F1408/C1408 -> 3.1960589e-05 | H1408: =F1408/D1408 -> 3.1962596e-05 | I1408: 18762 | J1408: 65619 | K1408: =I1408-J1408 -> -46857 | L1408: 2.95 | M1408: #N/A
A1409: 1983 | B1409: PR | C1409: 4487469306 | D1409: 4487469306 | E1409: 132335771 | F1409: 93971 | G1409: =F1409/C1409 -> 2.0940756e-05 | H1409: =F1409/D1409 -> 2.0940756e-05 | I1409: 33932 | J1409: 51113 | K1409: =I1409-J1409 -> -17181 | L1409: 2.95 | M1409: #N/A
A1410: 1984 | B1410: PR | C1410: 4947944043 | D1410: 4947944043 | E1410: 145877547 | F1410: 80514 | G1410: =F1410/C1410 -> 1.6272213e-05 | H1410: =F1410/D1410 -> 1.6272213e-05 | I1410: 81443 | J1410: 35757 | K1410: =I1410-J1410 -> 45686 | L1410: 2.95 | M1410: 3.99
A1411: 1985 | B1411: PR | C1411: 5030015328 | D1411: 3419153890 | E1411: 183009418 | F1411: 105132 | G1411: =F1411/C1411 -> 2.090093e-05 | H1411: =F1411/D1411 -> 3.0747958e-05 | I1411: 134137 | J1411: 19216 | K1411: =I1411-J1411 -> 114921 | L1411: 5.35 | M1411: 3.99
A1412: 1986 | B1412: PR | C1412: 5468938256 | D1412: 3214659849 | E1412: 171779822 | F1412: 97108 | G1412: =F1412/C1412 -> 1.775628e-05 | H1412: =F1412/D1412 -> 3.0207862e-05 | I1412: 190151 | J1412: 0 | K1412: =I1412-J1412 -> 190151 | L1412: 5.34 | M1412: 3.99
A1413: 1987 | B1413: PR | C1413: 5964058907 | D1413: 3444758205 | E1413: 184166036 | F1413: 89350 | G1413: =F1413/C1413 -> 1.4981408e-05 | H1413: =F1413/D1413 -> 2.593796e-05 | I1413: 294967 | J1413: 0 | K1413: =I1413-J1413 -> 294967 | L1413: 5.35 | M1413: 3.99
A1414: 1988 | B1414: PR | C1414: 6573587944 | D1414: 3723838557 | E1414: 199178778 | F1414: 93403 | G1414: =F1414/C1414 -> 1.4208831e-05 | H1414: =F1414/D1414 -> 2.5082452e-05 | I1414: 430500 | J1414: 0 | K1414: =I1414-J1414 -> 430500 | L1414: 5.35 | M1414: 3.99
A1415: 1989 | B1415: PR | C1415: 7040280873 | D1415: 3859082488 | E1415: 206476264 | F1415: 112678 | G1415: =F1415/C1415 -> 1.6004759e-05 | H1415: =F1415/D1415 -> 2.9198132e-05 | I1415: 563646 | J1415: 0 | K1415: =I1415-J1415 -> 563646 | L1415: 5.35 | M1415: 3.99
A1416: 1990 | B1416: PR | C1416: 7494485325 | D1416: 3963645631 | E1416: 205704518 | F1416: 134451 | G1416: =F1416/C1416 -> 1.7939991e-05 | H1416: =F1416/D1416 -> 3.3921045e-05 | I1416: 674846 | J1416: 0 | K1416: =I1416-J1416 -> 674846 | L1416: 5.19 | M1416: 3.99
A1417: 1991 | B1417: PR | C1417: 7783679911 | D1417: 3956934274 | E1417: 205074256 | F1417: 169999 | G1417: =F1417/C1417 -> 2.1840441e-05 | H1417: =F1417/D1417 -> 4.2962301e-05 | I1417: 750020 | J1417: 0 | K1417: =I1417-J1417 -> 750020 | L1417: 5.18 | M1417: 3.99
A1418: 1992 | B1418: PR | C1418: 8278959925 | D1418: 4082458955 | E1418: 124854619 | F1418: 182906 | G1418: =F1418/C1418 -> 2.2092872e-05 | H1418: =F1418/D1418 -> 4.48029e-05 | I1418: 749255 | J1418: 0 | K1418: =I1418-J1418 -> 749255 | L1418: 3.06 | M1418: 3.99
A1419: 1993 | B1419: PR | C1419: 8708549039 | D1419: 4210152554 | E1419: 124227166 | F1419: 211678 | G1419: =F1419/C1419 -> 2.4306919e-05 | H1419: =F1419/D1419 -> 5.0277988e-05 | I1419: 730873 | J1419: 0 | K1419: =I1419-J1419 -> 730873 | L1419: 2.95 | M1419: 3.99
A1420: 1994 | B1420: PR | C1420: 8914172992 | D1420: 4305392982 | E1420: 134601088 | F1420: 230754 | G1420: =F1420/C1420 -> 2.5886193e-05 | H1420: =F1420/D1420 -> 5.3596501e-05 | I1420: 674663 | J1420: 0 | K1420: =I1420-J1420 -> 674663 | L1420: 3.13 | M1420: 3.99
A1421: 1995 | B1421: PR | C1421: 9452821937 | D1421: 4469551170 | E1421: 143719827 | F1421: 220954 | G1421: =F1421/C1421 -> 2.3374396e-05 | H1421: =F1421/D1421 -> 4.9435389e-05 | I1421: 634291 | J1421: 0 | K1421: =I1421-J1421 -> 634291 | L1421: 3.22 | M1421: 3.66
... A1693: 2015 | B1693: VA | C1693: 156764355000 | D1693: 28216511000 | E1693: 661471000 | F1693: 375787 | G1693: =F1693/C1693 -> 2.3971457e-06 | H1693: =F1693/D1693 -> 1.3317983e-05 | I1693: 769647 | J1693: 0 | K1693: =I1693-J1693 -> 769647 | L1693: 2.3 | M1693: 0.73
A1694: 1980 | B1694: VI | C1694: 266974408 | D1694: 144957019 | E1694: 5350778 | F1694: 3050 | G1694: =F1694/C1694 -> 1.1424316e-05 | H1694: =F1694/D1694 -> 2.104072e-05 | I1694: 2166 | J1694: 7405 | K1694: =I1694-J1694 -> -5239 | L1694: 3.69 | M1694: #N/A
A1695: 1981 | B1695: VI | C1695: 295209013 | D1695: 159226385 | E1695: 5878937 | F1695: 4520 | G1695: =F1695/C1695 -> 1.5311186e-05 | H1695: =F1695/D1695 -> 2.8387255e-05 | I1695: 1337 | J1695: 4172 | K1695: =I1695-J1695 -> -2835 | L1695: 3.69 | M1695: #N/A
A1696: 1982 | B1696: VI | C1696: 309401013 | D1696: 184587162 | E1696: 5806077 | F1696: 6528 | G1696: =F1696/C1696 -> 2.1098832e-05 | H1696: =F1696/D1696 -> 3.5365406e-05 | I1696: 30 | J1696: 2920 | K1696: =I1696-J1696 -> -2890 | L1696: 3.15 | M1696: #N/A
A1697: 1983 | B1697: VI | C1697: 303355005 | D1697: 183230653 | E1697: 6229880 | F1697: 0 | G1697: =F1697/C1697 -> 0 | H1697: =F1697/D1697 -> 0 | I1697: 0 | J1697: 4405 | K1697: =I1697-J1697 -> -4405 | L1697: 3.4 | M1697: #N/A
A1698: 1984 | B1698: VI | C1698: 319489270 | D1698: 186728453 | E1698: 6348745 | F1698: 7276 | G1698: =F1698/C1698 -> 2.2773848e-05 | H1698: =F1698/D1698 -> 3.8965674e-05 | I1698: 32 | J1698: 4140 | K1698: =I1698-J1698 -> -4108 | L1698: 3.4 | M1698: #N/A
A1699: 1985 | B1699: VI | C1699: 321390271 | D1699: 246244238 | E1699: 11349527 | F1699: 5181 | G1699: =F1699/C1699 -> 1.6120588e-05 | H1699: =F1699/D1699 -> 2.1040086e-05 | I1699: 5192 | J1699: 3129 | K1699: =I1699-J1699 -> 2063 | L1699: 4.61 | M1699: #N/A
A1700: 1986 | B1700: VI | C1700: 343709403 | D1700: 267508889 | E1700: 9211499 | F1700: 3644 | G1700: =F1700/C1700 -> 1.0601979e-05 | H1700: =F1700/D1700 -> 1.3621977e-05 | I1700: 9628 | J1700: 0 | K1700: =I1700-J1700 -> 9628 | L1700: 3.44 | M1700: #N/A
A1701: 1987 | B1701: VI | C1701: 397367067 | D1701: 300099474 | E1701: 7752750 | F1701: 1681 | G1701: =F1701/C1701 -> 4.2303455e-06 | H1701: =F1701/D1701 -> 5.601476e-06 | I1701: 16720 | J1701: 0 | K1701: =I1701-J1701 -> 16720 | L1701: 2.58 | M1701: #N/A
A1702: 1988 | B1702: VI | C1702: 433466101 | D1702: 322973857 | E1702: 7218927 | F1702: 2464 | G1702: =F1702/C1702 -> 5.6844122e-06 | H1702: =F1702/D1702 -> 7.6291005e-06 | I1702: 23198 | J1702: 0 | K1702: =I1702-J1702 -> 23198 | L1702: 2.24 | M1702: #N/A
A1703: 1989 | B1703: VI | C1703: 465862504 | D1703: 363811972 | E1703: 8022864 | F1703: 2965 | G1703: =F1703/C1703 -> 6.3645388e-06 | H1703: =F1703/D1703 -> 8.1498143e-06 | I1703: 28353 | J1703: 0 | K1703: =I1703-J1703 -> 28353 | L1703: 2.21 | M1703: #N/A
A1704: 1990 | B1704: VI | C1704: 550237676 | D1704: 413113731 | E1704: 10539067 | F1704: 1535 | G1704: =F1704/C1704 -> 2.7897036e-06 | H1704: =F1704/D1704 -> 3.7156838e-06 | I1704: 37672 | J1704: 0 | K1704: =I1704-J1704 -> 37672 | L1704: 2.55 | M1704: #N/A
A1705: 1991 | B1705: VI | C1705: 591696869 | D1705: 452907770 | E1705: 7701992 | F1705: 3372 | G1705: =F1705/C1705 -> 5.698864e-06 | H1705: =F1705/D1705 -> 7.4452244e-06 | I1705: 43241 | J1705: 0 | K1705: =I1705-J1705 -> 43241 | L1705: 1.7 | M1705: #N/A
... A1710: 1996 | B1710: VI | C1710: 595445099 | D1710: 351721210 | E1710: 9872623 | F1710: 7462 | G1710: =F1710/C1710 -> 1.2531802e-05 | H1710: =F1710/D1710 -> 2.1215667e-05 | I1710: 42069 | J1710: 0 | K1710: =I1710-J1710 -> 42069 | L1710: 2.83 | M1710: #N/A
A1711: 1997 | B1711: VI | C1711: 636015050 | D1711: 357237011 | E1711: 8688366 | F1711: 5724 | G1711: =F1711/C1711 -> 8.999787e-06 | H1711: =F1711/D1711 -> 1.6022976e-05 | I1711: 45434 | J1711: 0 | K1711: =I1711-J1711 -> 45434 | L1711: 2.81 | M1711: 2.45
A1712: 1998 | B1712: VI | C1712: 627560560 | D1712: 364675936 | E1712: 5890465 | F1712: 4112 | G1712: =F1712/C1712 -> 6.5523557e-06 | H1712: =F1712/D1712 -> 1.1275765e-05 | I1712: 48326 | J1712: 0 | K1712: =I1712-J1712 -> 48326 | L1712: 1.62 | M1712: 2.45
A1713: 1999 | B1713: VI | C1713: 640299273 | D1713: 370678332 | E1713: 6148033 | F1713: 3220 | G1713: =F1713/C1713 -> 5.0288984e-06 | H1713: =F1713/D1713 -> 8.686777e-06 | I1713: 51786 | J1713: 0 | K1713: =I1713-J1713 -> 51786 | L1713: 1.59 | M1713: 2.45
A1714: 2000 | B1714: VI | C1714: 726142677 | D1714: 421590583 | E1714: 10727998 | F1714: 2367 | G1714: =F1714/C1714 -> 3.25969e-06 | H1714: =F1714/D1714 -> 5.6144518e-06 | I1714: 58671 | J1714: 0 | K1714: =I1714-J1714 -> 58671 | L1714: 2.54 | M1714: 2.45
A1715: 2001 | B1715: VI | C1715: 863709317 | D1715: 486569102 | E1715: 12920994 | F1715: 5758 | G1715: =F1715/C1715 -> 6.6665948e-06 | H1715: =F1715/D1715 -> 1.1833879e-05 | I1715: 64119 | J1715: 0 | K1715: =I1715-J1715 -> 64119 | L1715: 2.65 | M1715: 2.45
A1716: 2002 | B1716: VI | C1716: 821650419 | D1716: 477726133 | E1716: 1302799 | F1716: 19003 | G1716: =F1716/C1716 -> 2.3127841e-05 | H1716: =F1716/D1716 -> 3.9778021e-05 | I1716: 52566 | J1716: 0 | K1716: =I1716-J1716 -> 52566 | L1716: 0.27 | M1716: 2.5
A1717: 2003 | B1717: VI | C1717: 785068337 | D1717: 454722576 | E1717: 904757 | F1717: 16382 | G1717: =F1717/C1717 -> 2.0866973e-05 | H1717: =F1717/D1717 -> 3.6026362e-05 | I1717: 36462 | J1717: 0 | K1717: =I1717-J1717 -> 36462 | L1717: 0.2 | M1717: 2.5
A1718: 2004 | B1718: VI | C1718: 880909221 | D1718: 499228606 | E1718: 968334 | F1718: 4076 | G1718: =F1718/C1718 -> 4.6270375e-06 | H1718: =F1718/D1718 -> 8.1645962e-06 | I1718: 36012 | J1718: 0 | K1718: =I1718-J1718 -> 36012 | L1718: 0.2 | M1718: 2.5
A1719: 2005 | B1719: VI | C1719: 986659894 | D1719: 555469583 | E1719: 1742974 | F1719: 5667 | G1719: =F1719/C1719 -> 5.7436205e-06 | H1719: =F1719/D1719 -> 1.0202179e-05 | I1719: 32277 | J1719: 0 | K1719: =I1719-J1719 -> 32277 | L1719: 0.31 | M1719: 2.5
A1720: 2006 | B1720: VI | C1720: 1030099975 | D1720: 587061184 | E1720: 1640681 | F1720: 4968 | G1720: =F1720/C1720 -> 4.8228329e-06 | H1720: =F1720/D1720 -> 8.462491e-06 | I1720: 29396 | J1720: 0 | K1720: =I1720-J1720 -> 29396 | L1720: 0.28 | M1720: 2.5
A1721: 2007 | B1721: VI | C1721: 1110200735 | D1721: 614657549 | E1721: 1227975 | F1721: 8791 | G1721: =F1721/C1721 -> 7.9183878e-06 | H1721: =F1721/D1721 -> 1.4302273e-05 | I1721: 22287 | J1721: 0 | K1721: =I1721-J1721 -> 22287 | L1721: 0.2 | M1721: 2.5
A1722: 2008 | B1722: VI | C1722: 1111636369 | D1722: 632367178 | E1722: 978630 | F1722: 12388 | G1722: =F1722/C1722 -> 1.1143932e-05 | H1722: =F1722/D1722 -> 1.9589885e-05 | I1722: 11499 | J1722: 0 | K1722: =I1722-J1722 -> 11499 | L1722: 0.2 | M1722: 2.5
... A1909: 2015 | B1909: WY | C1909: 9781295000 | D1909: 4920844000 | E1909: 71708000 | F1909: 86397 | G1909: =F1909/C1909 -> 8.8328795e-06 | H1909: =F1909/D1909 -> 1.7557354e-05 | I1909: 345994 | J1909: 0 | K1909: =I1909-J1909 -> 345994 | L1909: 1.4 | M1909: 1.46

Sheet Base Rate Calculation
C1: Calculations for Tax Structure Model
C2: Using Data from Data Tab
B4: ABB | C4: State | E4: Year
A5: 1 | B5: AK | C5: ALASKA | D5: 1 | E5: 2000 | F5: 1 | G5: 5 | H5: CHOICE: | I5: 5 | J5: 16 | K5: 17
A6: 2 | B6: AL | C6: ALABAMA | D6: 2 | E6: 2001 | F6: 2 | G6: 6 | H6: STATE: | I6: {=INDEX($B$5:$B$57,MATCH($I$5,$A$5:$A$57,0))} -> CA
A7: 3 | B7: AR | C7: ARKANSAS | D7: 3 | E7: 2002 | F7: 3 | G7: 7 | H7: YR: | I7: {=INDEX($E$5:$E$21,MATCH($K$5,$D$5:$D$30,0))} -> 2016
A8: 4 | B8: AZ | C8: ARIZONA | D8: 4 | E8: 2003 | F8: 4 | G8: 8 | H8: YRS: | I8: {=INDEX($G$5:$G$21,MATCH(J5,$F$5:$F$21,0))} -> 20 | J8: =I7-I8 -> 1996
A9: 5 | B9: CA | C9: CALIFORNIA | D9: 5 | E9: 2004 | F9: 5 | G9: 9
A10: 6 | B10: CO | C10: COLORADO | D10: 6 | E10: 2005 | F10: 6 | G10: 10
A11: 7 | B11: CT | C11: CONNECTICUT | D11: 7 | E11: 2006 | F11: 7 | G11: 11
A12: 8 | B12: DC | C12: DISTRICT OF COLUMBIA | D12: 8 | E12: 2007 | F12: 8 | G12: 12
A13: 9 | B13: DE | C13: DELAWARE | D13: 9 | E13: 2008 | F13: 9 | G13: 13 | H13: CALCULATION
A14: 10 | B14: FL | C14: FLORIDA | D14: 10 | E14: 2009 | F14: 10 | G14: 14
A15: 11 | B15: GA | C15: GEORGIA | D15: 11 | E15: 2010 | F15: 11 | G15: 15 | H15: SUM BENS: | I15: =SUMIFS('Base Rate Data'!$F$2:$F$1856,'Base Rate Data'!$B$2:$B$1856,"="&'Base Rate Calculation'!$I$6,'Base Rate Data'!$A$2:$A$1856,"<"&'Base Rate Calculation'!$I$7,'Base Rate Data'!$A$2:$A$1856,">="&'Base Rate Calculation'!$J$8) -> 99077929
A16: 12 | B16: HI | C16: HAWAII | D16: 12 | E16: 2011 | F16: 12 | G16: 16 | H16: TOTAL WAGES (000): | I16: =SUMIFS('Base Rate Data'!$C$2:$C$1909,'Base Rate Data'!$B$2:$B$1909,"="&'Base Rate Calculation'!$I$6,'Base Rate Data'!$A$2:$A$1909,"<"&'Base Rate Calculation'!$I$7,'Base Rate Data'!$A$2:$A$1909,">="&'Base Rate Calculation'!$I$7-1)/1000 -> 804247784 | J16: Prior Year
A17: 13 | B17: IA | C17: IOWA | D17: 13 | E17: 2012 | F17: 13 | G17: 17 | H17: TAXABLE WAGES (000): | I17: =SUMIFS('Base Rate Data'!$D$2:$D$1909,'Base Rate Data'!$B$2:$B$1909,"="&'Base Rate Calculation'!$I$6,'Base Rate Data'!$A$2:$A$1909,"<"&'Base Rate Calculation'!$I$7,'Base Rate Data'!$A$2:$A$1909,">="&'Base Rate Calculation'!$I$7-1)/1000 -> 120058007 | J17: Prior Year
A18: 14 | B18: ID | C18: IDAHO | D18: 14 | E18: 2013 | F18: 14 | G18: 18 | H18: BCR -- Total wages | I18: =(SUMIFS('Base Rate Data'!$G$2:$G$1909,'Base Rate Data'!$B$2:$B$1909,"="&'Base Rate Calculation'!$I$6,'Base Rate Data'!$A$2:$A$1909,"<"&'Base Rate Calculation'!$I$7,'Base Rate Data'!$A$2:$A$1909,">="&'Base Rate Calculation'!$J$8)/$I$8)*1000 -> 0.0088028314
A19: 15 | B19: IL | C19: ILLINOIS | D19: 15 | E19: 2014 | F19: 15 | G19: 19 | H19: % | I19: =ROUND(I18,4) -> 0.0088
A20: 16 | B20: IN | C20: INDIANA | D20: 16 | E20: 2015 | F20: 16 | G20: 20 | H20: BCR -- Taxable wages | I20: =I18/I25 -> 0.022513635
A21: 17 | B21: KS | C21: KANSAS | D21: 17 | E21: 2016 | F21: 17 | G21: 21 | H21: % | I21: =ROUND(I20,4) -> 0.0225
A22: 18 | B22: KY | C22: KENTUCKY
A23: 19 | B23: LA | C23: LOUISIANA | H23: Tax/Tot Option | I23: ='Step 1 Base Rate Calculator'!M14 -> 2
A24: 20 | B24: MA | C24: MASSACHUSETTS | H24: User-estimated tax/tot | I24: ='Step 1 Base Rate Calculator'!J15 -> 0.391
A25: 21 | B25: MD | C25: MARYLAND | H25: Ratio of tax/tot wages | I25: =IF(I23=1,ROUND(I17/I16,3),IF(I23=2,I24,"ERROR")) -> 0.391
A26: 22 | B26: ME | C26: MAINE
A27: 23 | B27: MI | C27: MICHIGAN | H27: AHCR | I27: {=INDEX('Base Rate Data'!$M$2:$M$1909,MATCH('Base Rate Calculation'!$I$6&('Base Rate Calculation'!$I$7-1),'Base Rate Data'!$B$2:$B$1909&'Base Rate Data'!$A$2:$A$1909,0))} -> 1.5
A28: 24 | B28: MN | C28: MINNESOTA | H28: AHCR (%) | I28: =+I27/100 -> 0.015
A29: 25 | B29: MO | C29: MISSOURI
A30: 26 | B30: MS | C30: MISSISSIPPI
A31: 27 | B31: MT | C31: MONTANA
A32: 28 | B32: NC | C32: NORTH CAROLINA
A33: 29 | B33: ND | C33: NORTH DAKOTA
A34: 30 | B34: NE | C34: NEBRASKA
A35: 31 | B35: NH | C35: NEW HAMPSHIRE
A36: 32 | B36: NJ | C36: NEW JERSEY
A37: 33 | B37: NM | C37: NEW MEXICO
A38: 34 | B38: NV | C38: NEVADA
A39: 35 | B39: NY | C39: NEW YORK
A40: 36 | B40: OH | C40: OHIO
... A57: 53 | B57: WY | C57: WYOMING
